 Dungeon Crawl Stone Soup version 0.32-a0-314-g526f7d4993 (webtiles) character file.

Game seed: 835207053940759136

23507686 Khashishi the Meteorologist (level 27, 217/217 HPs)
             Began as a Human Conjurer on Feb 12, 2024.
             Was a Favourite Plaything of Xom.
             Escaped with the Orb
             ... and 15 runes
             ... and 11 gems on Feb 15, 2024!
             The game lasted 15:10:24 (67681 turns).

Khashishi the Meteorologist (Human Conjurer)       Turns: 67681, Time: 15:10:25

Health: 217/217    AC: 36    Str: 14 (15) XL:     27
Magic:  63/63      EV: 24    Int: 42 (44) God:    Xom [.....*]
Gold:   12469      SH:  5    Dex: 13      Spells: 4/80 levels left

rFire   + + +        b - staff of air
rCold   + + +        j - crystal ball of Wucad Mu {*channel}
rNeg    + + +        F - +19 Cigotuvi's embrace {Corpsefed rMiasma ^Drain rN+}
rPois   ∞            (helmet unavailable)
rElec   +            H - +2 cloak {Will+}
rCorr   .            K - +1 pair of gloves "Evoanele" {Rampage Dex+6}
SInv    +            Z - +3 pair of mountain boots {steadfast, rC+}
Will    +++++        A - amulet of the Building Gods {Reflect rF+ Regen+ SH+5 Stlth+}
Stlth   ++           E - ring of Badal {Wiz rPois rF++ Int+2 Dex-3}
HPRegen 2.16/turn    v - ring of Carom {^Drain Fly Will+ MP+9 Int+6}
MPRegen 0.38/turn

%: reflection, rampage, wizardry (x1), channel magic (40%)
@: death-form, flying, studying 3 skills
A: vile attack, torment immunity, no potions, explore regen, antennae 3, talons
2, iridescent scales 2, camouflage 1, clever 2, clumsy 1, cold resistance 1,
fire resistance 2, strong-willed 2, poison resistance, regeneration 1, strong 2,
wild magic 1, inability to read after injury 2, MP-powered wands
0: Orb of Zot
}: 15/15 runes: barnacled, slimy, silver, golden, iron, obsidian, icy, bone,
abyssal, demonic, glowing, magical, fiery, dark, gossamer
a: Siphon Essence, Begin Untransformation, Renounce Religion


You escaped.
You worshipped Xom.
You were Xom's teddy bear.
You were an undying horror.
You visited 18 branches of the dungeon, and saw 88 of its levels.
You visited Pandemonium 1 time, and saw 16 of its levels.
You visited the Abyss 5 times.
You visited 1 bazaar.
You also visited: Trove, Ossuary, Gauntlet and Volcano.

You collected 18372 gold pieces.
You spent 5903 gold pieces at shops.

Inventory:

Armour
 j - the crystal ball of Wucad Mu (worn) {*channel}
   (You bought it in a shop on level 4 of the Vaults)

   *Channel:  It often returns the magic spent to cast spells, but lowers their
   success rate.
   It always returns the magic spent on miscasts.
 q - the +5 robe of Night {Dark Will+ SInv}
   (You found it on level 7 of Tartarus)

   Dark:      It shrouds the wearer in darkness, reducing the range at which
   they can see and be seen by others.
   Will+:     It increases your willpower.
   SInv:      It lets you see invisible.
 r - a +2 hat
 F - the +19 Cigotuvi's embrace (worn) {Corpsefed rMiasma ^Drain rN+}
   (You bought it in a shop on level 1 of the Vaults)

   Corpsefed: It gathers nearby corpses to temporarily increase the armour it
   provides.
   rMiasma:   It protects you from foul pestilence.
   rN+:       It protects you from negative energy.
   ^Drain:    It drains your maximum health when unequipped.
 H - a +2 cloak of willpower (worn)
 K - the +1 pair of gloves "Evoanele" (worn) {Rampage Dex+6}
   (You found it on level 5 of the Vaults)

   Dex+6:     It affects your dexterity (+6).
   Rampage:   It bestows one free step when moving towards enemies.
 Z - the +3 pair of mountain boots (worn) {steadfast, rC+}
   (You acquired it on level 4 of the Vaults)

   Steadfast: It prevents involuntary movement, except for blinking,
   teleportation, or banishment.
   rC+:       It protects you from cold.
Magical Staves
 a - the staff of Integrity {Int+2 Conj Earth}
   (You found it on level 4 of the Shoals)

   [staff of earth]

   Base accuracy: +5 Base damage: 5 Base attack delay: 1.2 This weapon's minimum
   attack delay (0.6) is reached at skill level 12.
   Int+2:     It affects your intelligence (+2).
   Conj:      It increases the power of your Conjurations spells.
   Earth:     It increases the power of your Earth spells.
   It falls into the 'Staves' category.
   It is a one-handed weapon.
 b - a staff of air (weapon)
Jewellery
 i - the ring of Cuqoun {Ice rPois Int+2 Dex+2}
   (You took it off Asmodeus on level 7 of Gehenna)

   [ring of ice]

   Ice:       It enhances your ice magic.
   Int+2:     It affects your intelligence (+2).
   Dex+2:     It affects your dexterity (+2).
   rF-:       It makes you vulnerable to fire.
   rC+:       It protects you from cold.
   rPois:     It protects you from poison
 s - the ring "Ruaneqe" {rN+ rCorr Str+2}
   (You found it on level 7 of Tartarus)

   [ring of resist corrosion]

   Str+2:     It affects your strength (+2).
   rN+:       It protects you from negative energy.
   rCorr:     It protects you from acid and corrosion.
 v - the ring of Carom (right hand) {^Drain Fly Will+ MP+9 Int+6}
   (You took it off a deep elf pyromancer on level 3 of the Elven Halls)

   [ring of flight]

   Int+6:     It affects your intelligence (+6).
   Will+:     It increases your willpower.
   MP+9:      It affects your magic capacity (+9).
   Fly:       It grants you flight.
   ^Drain:    It drains your maximum health when unequipped.
 z - the ring of Pikhleja {Ice rN++}
   (You took it off a deep elf blademaster on level 3 of the Elven Halls)

   [ring of ice]

   Ice:       It enhances your ice magic.
   rF-:       It makes you vulnerable to fire.
   rC+:       It protects you from cold.
   rN++:      It greatly protects you from negative energy.
 A - the amulet of the Building Gods (around neck) {Reflect rF+ Regen+ SH+5 Stlth+}
   (You found it in a treasure trove)

   [amulet of reflection]

   Reflect:   It reflects blocked missile attacks.
   rF+:       It protects you from fire.
   Regen+:    It increases your rate of health regeneration.
   SH+5:      It affects your SH (+5).
   Stlth+:    It makes you more stealthy.
 E - the ring of Badal (left hand) {Wiz rPois rF++ Int+2 Dex-3}
   (You bought it in a shop on level 2 of the Orcish Mines)

   [ring of wizardry]

   Wiz:       It improves your spell success rate.
   Int+2:     It affects your intelligence (+2).
   Dex-3:     It affects your dexterity (-3).
   rF++:      It greatly protects you from fire.
   rPois:     It protects you from poison
 L - the ring of Lupnoroi {rElec rPois rN+ Int+3 Dex-4}
   (You found it on level 5 of the Vaults)

   [ring of positive energy]

   Int+3:     It affects your intelligence (+3).
   Dex-4:     It affects your dexterity (-4).
   rElec:     It insulates you from electricity.
   rPois:     It protects you from poison rN+: It protects you from negative
   energy.
 U - the ring of the King {rElec rN+ EV+5 Dex+4 Stlth-}
   (You acquired it on level 15 of the Dungeon)

   [ring of evasion]

   EV+5:      It affects your evasion (+5).
   Dex+4:     It affects your dexterity (+4).
   rElec:     It insulates you from electricity.
   rN+:       It protects you from negative energy.
   Stlth-:    It makes you less stealthy.
Talismans
 x - the death talisman of Discretion (active) {rF+ Dex+3}
   (You found it on level 7 of Tartarus)

   [talisman of death]

   Dex+3:     It affects your dexterity (+3).
   rF+:       It protects you from fire.
Wands
 c - a wand of digging (26)
 t - a wand of iceblast (138)
 J - a wand of quicksilver (26)
Scrolls
 e - 35 scrolls of teleportation
 f - 5 scrolls of fog
 g - 7 scrolls of fear
 l - 5 scrolls of blinking
 n - 12 scrolls of immolation
 y - a scroll of torment
 B - a scroll of enchant weapon
Potions
 d - 22 potions of heal wounds
 h - 11 potions of magic
 k - 36 potions of curing
 m - a potion of berserk rage
 o - 3 potions of cancellation
 p - 8 potions of ambrosia
 I - 13 potions of mutation
 N - a potion of brilliance
 T - 3 potions of enlightenment
Miscellaneous
 u - a tin of tremorstones (2/2)
 w - a figurine of a ziggurat
 V - a phial of floods
 Y - a lightning rod (4/4)


   Skills:
 - Level 18.0 Fighting
 - Level 10.7 Staves
 - Level 6.0 Armour
 O Level 27 Dodging
 - Level 5.0 Stealth
 - Level 10.0 Shields
 O Level 27 Spellcasting
 O Level 27 Conjurations
 - Level 3.0 Necromancy
 - Level 3.0 Translocations
 + Level 26.0 Fire Magic
 O Level 27 Air Magic
 - Level 7.0 Alchemy
 - Level 3.0 Evocations
 - Level 23.0 Shapeshifting


You had 4 spell levels left.
You knew the following spells:

 Your Spells              Type           Power      Damage    Failure   Level
a - Arcjolt               Conj/Air       89%        1d99      1%          5
b - Conjure Ball Lightni  Conj/Air       89%        3x3d33    1%          6
c - Chain Lightning       Conj/Air       89%        3d119     2%          9
d - Orb of Destruction    Conj           76%        9d17      1%          7
e - Iskenderun's Mystic   Conj/Tloc      100%       2d19      1%          4
f - Fulminant Prism       Conj/Alch      65%        3d27      1%          4
h - Blink                 Tloc           100%       N/A       1%          2
i - Ignition              Fire           75%        3d20      1%          8
m - Maxwell's Capacitive  Air            89%        ∞         1%          8
r - Irradiate             Conj/Alch      65%        3d33      1%          5
s - Starburst             Conj/Fire      76%        6d19      1%          6
v - Vhi's Electric Charg  Tloc/Air       100%       N/A       1%          4
S - Sublimation of Blood  Necr           82%        N/A       1%          2
Z - Plasma Beam           Fire/Air       89%        2x1d107   1%          6

Your spell library contained the following spells:

 Spells                   Type           Power      Damage    Failure   Level
 Apportation              Tloc           100%       N/A       1%          1
 Foxfire                  Conj/Fire      100%       2x1d9     1%          1
 Freeze                   Ice            100%       1d10      1%          1
 Kiss of Death            Conj/Necr      100%       2d13      1%          1
 Magic Dart               Conj           100%       1d8       1%          1
 Necrotise                Necr           100%       1d9       1%          1
 Sandblast                Erth           100%       2d20      1%          1
 Shock                    Conj/Air       100%       1d9       1%          1
 Slow                     Hex            100%       N/A       1%          1
 Sting                    Conj/Alch      100%       1d9       1%          1
 Summon Small Mammal      Summ           100%       N/A       1%          1
 Cigotuvi's Dreadful Rot  Necr/Alch/Air  100%       N/A       1%          2
 Lesser Beckoning         Tloc           100%       N/A       1%          2
 Mercury Vapours          Alch/Air       100%       N/A       1%          2
 Momentum Strike          Conj/Tloc      100%       3d10      1%          2
 Scorch                   Fire           100%       2d9       1%          2
 Searing Ray              Conj           100%       2d8       1%          2
 Dazzling Flash           Conj/Hex       100%       N/A       1%          3
 Fugue of the Fallen      Necr           82%        N/A       1%          3
 Gell's Gravitas          Tloc           82%        N/A       1%          3
 Hailstorm                Conj/Ice       100%       3d16      1%          3
 Inner Flame              Hex/Fire       100%       N/A       1%          3
 Mephitic Cloud           Conj/Alch/Air  100%       N/A       1%          3
 Stone Arrow              Conj/Erth      100%       3d13      1%          3
 Swiftness                Air            100%       N/A       1%          3
 Teleport Other           Tloc           82%        N/A       1%          3
 Vampiric Draining        Necr           82%        2d11      1%          3
 Volatile Blastmotes      Fire/Tloc      100%       2d18      1%          3
 Airstrike                Air            89%        2d(13-29) 1%          4
 Brom's Barrelling Bould  Conj/Erth      100%       2d11      1%          4
 Flame Wave               Conj/Fire      100%       2d21      1%          4
 Ignite Poison            Fire/Alch      100%       N/A       1%          4
 Olgreb's Toxic Radiance  Alch           100%       N/A       1%          4
 Sticky Flame             Fire/Alch      100%       2d15      1%          4
 Summon Blazeheart Golem  Fire/Summ      100%       N/A       1%          4
 Summon Lightning Spire   Summ/Air       100%       N/A       1%          4
 Call Imp                 Summ           100%       N/A       2%          2
 Jinxbite                 Hex            100%       N/A       2%          2
 Call Canine Familiar     Summ           65%        N/A       3%          3
 Confusing Touch          Hex            65%        N/A       3%          3
 Frozen Ramparts          Ice            100%       1d16      3%          3
 Ozocubu's Armour         Ice            65%        N/A       3%          3
 Passwall                 Erth           65%        N/A       3%          3
 Sigil of Binding         Hex            65%        N/A       3%          3
 Summon Ice Beast         Ice/Summ       65%        N/A       3%          3
 Tukima's Dance           Hex            65%        N/A       3%          3
 Animate Dead             Necr           82%        N/A       3%          4
 Dispel Undead            Necr           82%        3d27      3%          4
 Leda's Liquefaction      Alch/Erth      42%        N/A       3%          4
 Manifold Assault         Tloc           82%        N/A       3%          4
 Passage of Golubria      Tloc           82%        N/A       3%          4
 Petrify                  Alch/Erth      84%        N/A       3%          4
 Dimensional Bullseye     Hex/Tloc       37%        N/A       4%          4
 Martyr's Knell           Necr/Summ      74%        N/A       4%          4
 Animate Armour           Summ/Erth      100%       N/A       6%          4
 Fireball                 Conj/Fire      76%        3d28      1%          5
 Freezing Cloud           Conj/Ice/Air   79%        6-21      1%          5
 Iskenderun's Battlesphe  Conj           100%       2d15      1%          5
 Silence                  Hex/Air        73%        N/A       1%          5
 Bombard                  Conj/Erth      60%        9d10      1%          6
 Alistair's Intoxication  Alch           66%        N/A       2%          5
 Spellforged Servitor     Conj/Summ      60%        N/A       3%          7
 Yara's Violent Unravell  Hex/Alch       42%        3d17      5%          5
 Curse of Agony           Necr           82%        N/A       6%          5
 Eringya's Noxious Bog    Alch           50%        4d6       6%          6
 Borgnjor's Vile Clutch   Necr/Erth      37%        N/A       9%          5
 Summon Forest            Summ/Tloc      37%        N/A       9%          5
 Lee's Rapid Deconstruct  Erth           32%        3d17*     12%         5
 Metabolic Englaciation   Hex/Ice        32%        N/A       12%         5
 Summon Mana Viper        Hex/Summ       65%        N/A       12%         5
 Lehudib's Crystal Spear  Conj/Erth      60%        10d14     12%         8
 Sculpt Simulacrum        Ice/Alch       42%        N/A       16%         6
 Death Channel            Necr           41%        N/A       17%         6
 Dispersal                Tloc           41%        N/A       17%         6
 Summon Cactus Giant      Summ           32%        N/A       41%         6
 Haunt                    Necr/Summ      37%        N/A       71%         7
 Malign Gateway           Summ/Tloc      37%        N/A       71%         7
 Enfeeble                 Hex            32%        N/A       86%         7
 Monstrous Menagerie      Summ           32%        N/A       86%         7
 Ozocubu's Refrigeration  Ice            32%        4d14      86%         7
 Summon Hydra             Summ           32%        N/A       86%         7
 Disjunction              Tloc           41%        N/A       98%         8
 Infestation              Necr           41%        N/A       98%         8
 Discord                  Hex            32%        N/A       100%        8
 Summon Horrible Things   Summ           32%        N/A       100%        8
 Polar Vortex             Ice            32%        12d4*     100%        9


Dungeon Overview and Level Annotations

Branches:
Dungeon (15/15)            Temple (1/1) D:7            Lair (5/5) D:9
 Shoals (4/4) Lair:3       Spider (4/4) Lair:3        Slime (5/5) Lair:4
    Orc (2/2) D:12            Elf (3/3) Orc:2        Vaults (5/5) D:14
  Crypt (3/3) Vaults:2       Tomb (3/3) Crypt:3      Depths (4/4) D:15
   Hell (visited)             Dis (7/7) Hell            Geh (7/7) Hell
    Coc (7/7) Hell            Tar (7/7) Hell            Zot (5/5) Depths:4
Ossuary (visited)         Volcano (visited)         Gauntlet (visited)

Altars:
Ashenzari
Cheibriados
Dithmenos
Elyvilon
Fedhas
Gozag
Hepliaklqana
Kikubaaqudgha
Makhleb
Nemelex Xobeh
Okawaru
Qazlal
Ru
Sif Muna
Trog
Uskayaw
Vehumet
Wu Jian
Xom
Yredelemnul
Zin
The Shining One
Beogh

Shops:
D:10 (   D:12 [   Orc:1 :   Orc:2 (=*[   Elf:2 [*   Vaults:1 [
Vaults:4 ***!*[   Depths:3 (![

Portals:
Hell: Depths:1 Depths:2 Depths:3 Depths:4
Abyss: Depths:3 Depths:4
Pandemonium: Depths:1 Depths:2
Ziggurat: Depths:1


Innate Abilities, Weirdness & Mutations

You are an undying horror.
Your melee and unarmed attacks drain, slow and weaken victims.
You are immune to unholy pain and torment.
You cannot drink.
You regain HP and MP as you explore.
You have a pair of large antennae on your head. (SInv)
You have razor-sharp toenails.
You are mostly covered in iridescent scales. (AC +4)
Your skin changes colour to match your surroundings (Stealth+).
Your mind is very acute. (Int +8, Str/Dex -2)
You are clumsy. (Dex -2)
Your flesh is cold resistant. (rC+)
Your flesh is very heat resistant. (rF++)
You are highly strong-willed. (Will++)
Your system is resistant to poisons. (rPois)
Your natural rate of healing is unusually fast.
Your muscles are very strong. (Str +8, Int/Dex -2)
Your spells are a little harder to cast, but a little more powerful.
You sometimes lose the ability to read scrolls when taking damage.
You expend magic power (3 MP) to strengthen your wands.


Message History

A chunk of your corpse armour falls away.
An ice devil comes into view.
Casting: Plasma Beam (mildly dangerous; 1% risk of failure)
Confirm with . or Enter, or press ? or * to list all spells.
Casting: Plasma Beam (mildly dangerous; 1% risk of failure)
Press: ? - help, Dir - look around, f - activate You feel a surge of power!
The bolt of lightning hits the ice devil!!
The ice devil is heavily wounded.
The fiery plasma hits the ice devil!!!
The ice devil is burned terribly!
You kill the ice devil!
Magical energy flows into your mind!
There is a stone staircase leading up here.
You fly upwards.
A chunk of your corpse armour falls away.
There is a stone staircase leading down here.
Your shell of carrion and bone grows thicker.
You sense a monster nearby.
A ynoxinul comes into view.
Casting: Plasma Beam (mildly dangerous; 1% risk of failure)
Confirm with . or Enter, or press ? or * to list all spells.
Casting: Plasma Beam (mildly dangerous; 1% risk of failure)
Press: ? - help, Dir - look around, f - activate You feel a surge of power!
The bolt of lightning hits the ynoxinul!!
The ynoxinul resists.
The ynoxinul is severely wounded.
The ynoxinul bellows!
The fiery plasma hits the ynoxinul!!!
You kill the ynoxinul!
Magical energy flows into your mind!
You hear a shout!
Aiming: Dig
Press: ? - help, Shift-Dir - straight line This square is covered in magical glow.
You feel a surge of power!
The rock shatters into small pieces.
A chunk of your corpse armour falls away.
Magic restored.
There is a staircase leading out of the dungeon here.
You have escaped!

#..#..##.##.# #.#............P...
....)###.##.# #....#.............
............# #....#....######.##
.......###### #.#####.########.##
.......# #####.............#####
.......####.......#######.......#
##.#...##.......##.......###.....
#.#...#....###.............###..
##.#..##...#..).z.#######......#.
......#...#.....### ###.....#
##...##...#....## ##....#
#...##...#....## ##....#
#....#...#.....### ###.....#
#..####...#......#######......#.
#..# #....###.............###..
#### ##......###.......###.....
###.......#######.......#


There were no monsters in sight!

Vanquished Creatures
  Cerebov (Pan)
  Antaeus (Coc:7)
  Asmodeus (Geh:7)
  the Royal Jelly (Slime:5)
  Dissolution (Slime:5)
  Mnoleg (Pan)
  Ereshkigal (Tar:7)
  Gloorx Vloq (Pan)
  Lom Lobon (Pan)
  the Serpent of Hell (Dis:7)
  Frederick (Vaults:4)
  7 dread liches
  Dispater (Dis:7)
  4 orbs of fire (Zot:5)
  10 ancient liches
  Khufu (Tomb:1)
  Mara (Vaults:3)
  The ghost of Sackuas the Slayer, a veteran OnBe of Trog (Zot:2)
  Xtahua (Crypt:3)
  Josephina (Crypt:1)
  2 juggernauts (Dis:7)
  19 shard shrikes
  39 royal mummies
  Sojobo (Crypt:1)
  Boris (Crypt:3)
  3 Killer Klowns (Zot:5)
  Margery (Vaults:3)
  Bai Suzhen (Crypt:3)
  32 caustic shrikes
  The ghost of Cofabior the Warmonger, a veteran GnWn of Okawaru (Depths:2)
  Nikola (Spider:2)
  A curse toe (Zot:4)
  Geryon (Hell)
  Arachne (Spider:4)
  12 golden dragons
  18 bone dragons
  A pearl dragon (Pan)
  7 profane servitors
  18 Brimstone Fiends
  16 Tzitzimimeh
  4 spectral shard shrikes
  8 doom hounds
  The ghost of Gumuy the Crack Shot, an adept MiHu of Nemelex Xobeh (Depths:1)
  11 hellephants
  13 iron giants
  2 shard shrike zombies (Tar:7)
  3 electric golems
  A walking crystal tome (Depths:3)
  Jorgrun (D:15)
  38 Hell Sentinels
  25 Orb Guardians (Zot:5)
  10 liches
  15 tentacled monstrosities
  28 Ice Fiends
  12 quicksilver dragons
  17 tainted leviathans
  Asterion (Spider:2)
  4 deep elf blademasters
  21 titans
  8 tentacled starspawn
  27 ancient champions
  A kraken (Shoals:4)
  2 deep elf master archers (Elf:3)
  15 sphinxes
  28 acid blobs
  32 searing wretches
  21 Executioners
  10 tengu reavers
  13 death cobs
  Donald (Orc:1)
  Kirke (D:13)
  Ilsuiw (Shoals:2)
  Roxanne (Spider:4)
  10 azure jellies
  9 shadow dragons
  4 demonspawn warmongers (Pan)
  7 iron dragons
  21 narguns
  4 revenants
  A fenstrider witch (Pan)
  8 protean progenitors
  8 draconian monks
  8 deep elf sorcerers
  8 rockslimes
  4 draconian knights
  5 draconian scorchers
  17 vault wardens
  14 storm dragons
  17 fire giants
  20 quicksilver elementals
  12 frost giants
  A daeva (Zot:1)
  The ghost of Bustrupp the Cruncher, a journeyman DsMo of Gozag (D:15)
  A spectral juggernaut (Tar:3)
  3 emperor scorpions (Spider:4)
  7 draconian shifters
  49 balrugs
  9 shard shrike simulacra
  7 ghost moths
  A deep elf elementalist (Elf:3)
  4 curse skulls
  6 spectral caustic shrikes
  2 broodmothers (Spider:4)
  27 ironbound preservers
  5 spriggan defenders (Depths:4)
  3 demonspawn corrupters (Pan)
  9 formless jellyfish
  A juggernaut zombie (Tar:7)
  A caustic shrike zombie (Tar:7)
  9 ghouls
  10 draconian annihilators
  13 quicksilver oozes
  An ophan (Pan)
  17 reapers
  8 ironbound thunderhulks
  29 stone giants
  3 orc warlords
  2 angels (Depths:1)
  3 juggernaut skeletons
  16 cacodemons (Pan)
  7 demonspawn blood saints (Pan)
  7 very ugly things
  2 draconian stormcallers
  The ghost of peter4 the Grappler, a journeyman TrFi of Wu Jian (Lair:3)
  3 caustic shrike skeletons
  5 pandemonium lords
  7 demonspawn black suns (Pan)
  7 deep elf demonologists
  7 apis (Pan)
  The ghost of Lurir the Spry, a journeyman KoHu of Okawaru (Elf:2)
  12 putrid mouths
  14 vampire knights
  6 bennus
  6 yellow draconians
  10 deep elf annihilators
  22 elemental wellsprings
  8 green draconians
  24 wendigos
  5 black draconians
  7 lorocyprocas
  7 deep elf death magi
  16 dire elephants
  11 red draconians
  A minotaur (Gauntlet)
  13 white draconians
  32 war gargoyles
  12 spark wasps
  5 purple draconians
  11 eidola
  6 green deaths
  2 spectral quicksilver dragons
  18 ettins
  A quicksilver dragon zombie (Tomb:2)
  10 blizzard demons
  8 fire dragons
  4 merfolk javelineers
  6 crystal guardians
  6 jiangshi
  6 entropy weavers
  A spectral iron giant (Tar:4)
  A spectral spriggan (Tar:4)
  26 iron golems
  14 merfolk impalers
  25 great orbs of eyes
  29 mummy priests
  17 yaktaur captains
  Harold (Lair:2)
  5 deep elf high priests
  10 hydras
  Erolcha (Orc:2)
  7 juggernaut simulacra
  An alligator (shapeshifter) (D:13)
  11 salamander tyrants
  A peacekeeper (Vaults:4)
  A spectral shadow dragon (Tar:1)
  25 vault guards
  3 spriggan skeletons
  7 ice dragons
  4 hell beasts
  7 rakshasas
  3 spriggan zombies
  2 alligator snapping turtles (Shoals:4)
  5 merfolk avatars
  A quicksilver dragon skeleton (Crypt:2)
  6 jorogumos
  3 radroaches
  9 ogre magi
  14 stokers
  6 catoblepae
  5 spriggan air magi
  12 boulder beetles
  15 caustic shrike simulacra
  A death knight (Crypt:1)
  11 ironbound frosthearts
  34 dancing weapons
  Erica (D:8)
  2 satyrs
  21 centaur warriors
  18 two-headed ogres
  4 merfolk aquamancers
  9 deep troll shamans
  16 death yaks (Lair:5)
  A titan zombie (Crypt:3)
  4 vampire magi
  5 tengu warriors
  A satyr (shapeshifter) (Depths:4)
  A sphinx skeleton (Crypt:1)
  9 deep troll earth magi
  31 hell hogs
  3 orc high priests
  3 spectral nagas
  52 death scarabs
  14 demonic crawlers
  40 soul eaters
  9 spriggan berserkers
  A storm dragon zombie (Tomb:2)
  63 sun demons
  An occultist (Vaults:4)
  8 spriggans
  35 hell knights
  7 thrashing horrors
  17 deep elf knights
  A spectral catoblepas (Gauntlet)
  2 spectral dire elephants
  13 crystal echidnas
  6 wretched stars (Abyss:2)
  Sonja (Orc:1)
  3 fire crabs
  A titan skeleton (Crypt:1)
  27 shadow wraiths
  12 iron trolls
  2 skysharks
  A salamander mystic (Depths:2)
  6 arcanists
  37 skeletal warriors
  3 hellephant skeletons (Pan)
  An anaconda zombie (Abyss:2)
  6 spatial maelstroms (Abyss:3)
  A golden dragon zombie (Crypt:3)
  A spectral anaconda (Tar:2)
  A spectral bunyip (Tar:2)
  A bunyip zombie (Crypt:3)
  A sea snake (shapeshifter) (Vaults:5)
  A spark wasp zombie (Depths:2)
  11 pharaoh ants
  10 sixfirhies (Pan)
  9 glowing orange brains
  A bog body (Crypt:1)
  25 large abominations
  4 flayed ghosts
  5 quicksilver dragon simulacra
  7 spriggan simulacra
  A storm dragon skeleton (Tomb:3)
  A glowing orange brain (shapeshifter) (Vaults:5)
  8 sun moths
  11 orb spiders
  94 deep trolls
  10 sea snakes
  11 deep elf archers
  9 lindwurms
  10 shadow demons
  2 anaconda skeletons
  21 ironbound convokers
  A shadow dragon zombie (Crypt:3)
  A tengu zombie (Vaults:2)
  A swamp dragon (Abyss:3)
  25 deep elf zephyrmancers
  A spectral iron dragon (Tar:4)
  An iron giant skeleton (Abyss:2)
  12 orc knights
  35 ugly things
  25 necromancers
  A steelbarb worm (shapeshifter) (Vaults:5)
  14 steelbarb worms
  18 phantasmal warriors
  47 harpies
  2 alligator zombies (Hell)
  4 starcursed masses
  9 shining eyes
  A spectral alligator (Tar:1)
  Pikel (D:8)
  30 deep elf pyromancers
  A stone giant zombie (Crypt:3)
  14 wolf spiders
  2 shadow dragon skeletons (Crypt:3)
  4 orc sorcerers
  A spectral ettin (Tar:2)
  An iron dragon zombie (Depths:2)
  26 manticores
  A tengu skeleton (Depths:2)
  2 frost giant zombies (Depths:2)
  2 shining eyes (shapeshifter)
  23 elephants
  2 salamanders (Depths:2)
  13 fauns
  2 worldbinders (Abyss:3)
  11 cyclopes
  Maurice (D:8)
  An Executioner simulacrum (Pan)
  4 meliai (Spider:4)
  An elephant (shapeshifter) (Vaults:5)
  A frost giant skeleton (Depths:2)
  2 naga zombies
  10 molten gargoyles
  A meliai (shapeshifter) (D:14)
  25 moths of wrath
  3 iron dragon skeletons
  22 vault sentinels
  20 merfolk sirens
  6 centaur zombies
  4 rust devils
  7 eyes of devastation
  A stone giant skeleton (Tomb:2)
  7 black mambas
  4 torpor snails
  2 water nymphs (shapeshifter)
  6 water nymphs
  3 titan simulacra
  8 ice statues
  15 orange demons
  A torpor snail (shapeshifter) (Elf:1)
  A shock serpent skeleton (Crypt:1)
  11 cane toads
  64 smoke demons
  4 gargoyles
  A minotaur zombie (Crypt:1)
  6 ice devils
  31 hellions
  A yaktaur zombie (Vaults:1)
  4 efreet
  12 komodo dragons
  A yellow draconian zombie (Crypt:2)
  7 rime drakes
  34 yaktaurs
  5 anaconda simulacra
  20 tormentors
  10 freezing wraiths
  A sea snake zombie (Hell)
  5 iron giant simulacra
  3 tengu conjurers
  48 guardian mummies
  An orb spider zombie (Crypt:2)
  A kobold demonologist (Depths:2)
  An iron troll zombie (Crypt:1)
  A swamp worm zombie (Crypt:2)
  4 spectral harpies
  12 red devils
  5 golden dragon simulacra
  4 hydra zombies
  8 hornets
  A troll (shapeshifter) (Vaults:5)
  5 harpy zombies
  2 queen bees (shapeshifter)
  3 ancient zymes (Abyss:2)
  22 tarantellas
  36 merfolk
  2 silent spectres
  A tarantella (shapeshifter) (D:14)
  A shadow dragon simulacrum (Coc:1)
  12 trolls
  3 polar bears
  A harpy skeleton (Crypt:1)
  6 wind drakes
  An alligator simulacrum (Crypt:1)
  16 hellwings
  3 hydra skeletons
  11 snapping turtles
  A raiju (Abyss:2)
  24 blink frogs
  A fire dragon zombie (Crypt:1)
  6 glass eyes
  2 iron dragon simulacra
  127 slime creatures
  33 jumping spiders
  4 stone giant simulacra
  22 culicivoras
  A centaur simulacrum (Tomb:3)
  4 dream sheep (Lair:4)
  22 shadows
  21 ynoxinuls
  A vampire (D:11)
  An air elemental (Elf:1)
  16 small abominations
  An ice dragon skeleton (Crypt:1)
  89 yaks
  7 dire elephant simulacra
  25 water elementals
  An elf skeleton (Vaults:5)
  4 ettin skeletons
  22 ushabtiu
  A hog (shapeshifter) (Elf:3)
  3 wyverns
  7 wraiths
  8 fire bats
  17 golden eyes
  Grum (D:10)
  A warg (D:15)
  20 humans
  A human (shapeshifter) (Elf:1)
  A basilisk (Lair:2)
  A black mamba skeleton (Crypt:1)
  An alligator snapping turtle simulacrum (Coc:1)
  2 golden eyes (shapeshifter) (Elf:1)
  20 neqoxecs
  4 steam dragons
  3 fire elementals (Depths:4)
  20 chaos spawn
  54 redbacks
  A catoblepas simulacrum (Lair:3)
  4 human simulacra
  7 vampire mosquitoes
  A skyshark zombie (Crypt:2)
  2 yaktaur simulacra
  3 acid dragons
  A fire bat zombie (Crypt:2)
  21 harpy simulacra
  5 hydra simulacra
  17 water moccasins
  A cane toad zombie (Crypt:1)
  27 orc warriors
  An ice beast (D:5)
  4 sky beasts
  15 ogres
  17 wolves
  A boulder beetle simulacrum (Lair:3)
  7 ettin simulacra
  A glowing shapeshifter skeleton (Vaults:2)
  44 laughing skulls
  A boggart (shapeshifter) (Elf:1)
  3 human zombies
  6 boggarts
  15 centaurs
  5 lemures
  A weeping skull (Gauntlet)
  A brain worm (Abyss:2)
  3 gnoll sergeants
  13 bullfrogs
  4 necrophages
  3 kobold brigands
  6 scorpions
  3 earth elementals
  5 naga simulacra
  9 wights (D:8)
  11 killer bees
  A dream sheep simulacrum (Lair:3)
  An elephant simulacrum (Lair:3)
  A swamp dragon simulacrum (Hell)
  A troll skeleton (Crypt:2)
  2 electric eels
  3 howler monkeys (D:9)
  A rime drake simulacrum (Lair:3)
  8 lava snakes (Volcano)
  A bombardier beetle (D:4)
  5 quasits
  3 gnoll boudas
  3 hounds
  2 jellies (D:6)
  A komodo dragon simulacrum (Lair:3)
  14 orc priests
  2 sleepcaps
  5 iguanas
  20 orc wizards
  17 hell rats
  4 naga skeletons
  An ogre skeleton (Crypt:2)
  54 mummies
  A howler monkey zombie (D:11)
  6 adders
  38 gnolls
  A shadow imp (D:5)
  6 white imps
  6 ufetubi
  3 ribbon worms
  44 orcs
  7 ball pythons
  2 bats
  6 endoplasms
  5 giant cockroaches
  5 goblins
  5 hobgoblins
  6 jackals
  10 kobolds
  6 quokkas
  A gnoll zombie (Crypt:2)
  A hobgoblin skeleton (Crypt:1)
  6 hobgoblin zombies (Ossuary)
  A kobold zombie (Ossuary)
  An orc skeleton (Crypt:1)
  An orc zombie (Ossuary)
  A rat (D:3)
  10 aspiring fleshes
  A ball lightning (Vaults:5)
  10 creeping infernos
  A fire vortex (Pan)
  A fulminant prism (Vaults:5)
  7 starspawn tentacles
4568 creatures vanquished.

Vanquished Creatures (collateral kills)
  A pearl dragon (Pan)
  An orc warlord (Orc:2)
  A sixfirhy (Pan)
  A crystal echidna (Dis:7)
  A sea snake (Shoals:1)
  An elephant (Lair:2)
  A smoke demon (Pan)
  An efreet (Pan)
  An ice devil (Pan)
  A hellwing (Pan)
  A blink frog (Lair:1)
  A ynoxinul (Pan)
  A yak (Lair:2)
  An orc warrior (D:8)
  A sky beast (D:8)
  2 orc priests (D:8)
  4 orcs
21 creatures vanquished.

Vanquished Creatures (others)
  An eldritch tentacle (Pan)
  A shard shrike simulacrum (Coc:2)
  A deep elf knight (Elf:2)
  A spriggan simulacrum (Coc:6)
  A steelbarb worm (Spider:4)
  A stone giant simulacrum (Coc:6)
  A yak (Lair:5)
  3 humans (D:13)
  A redback (Spider:1)
  An adder (D:5)
  180 ball lightnings
  308 fulminant prisms
  2 lurking horrors (Abyss:2)
  14 starspawn tentacles
516 creatures vanquished.

Grand Total: 5105 creatures vanquished

Notes
Turn   | Place    | Note
-------+----------+-------------------------------------------
     0 | D:1      | Khashishi the Human Conjurer began the quest for the Orb.
     0 | D:1      | Reached XP level 1. HP: 13/13 MP: 3/3
   147 | D:1      | Reached XP level 2. HP: 19/19 MP: 3/5
   151 | D:1      | Learned a level 2 spell: Searing Ray
   669 | D:2      | Reached XP level 3. HP: 24/24 MP: 1/7
   765 | D:2      | Identified the +1 robe "Gidd" {rElec rF+ Stlth-}
  1008 | D:2      | Reached XP level 4. HP: 30/30 MP: 3/8
  1031 | D:2      | Learned a level 4 spell: Fulminant Prism
  1214 | D:3      | Reached skill level 5 in Conjurations
  1275 | D:4      | Reached XP level 5. HP: 35/35 MP: 3/10
  1338 | D:4      | Found a sand-covered staircase.
  1406 | Ossuary  | Entered an ossuary
  1575 | Ossuary  | Reached XP level 6. HP: 41/41 MP: 4/12
  1874 | D:4      | Found a shimmering altar of Xom.
  1882 | D:4      | Became a worshipper of Xom of Chaos
  1916 | D:4      | Reached skill level 1 in Alchemy
  1918 | D:4      | XOM: potion effect (curing)
  1943 | D:4      | Learned a level 4 spell: Iskenderun's Mystic Blast
  1952 | D:4      | XOM: summons 4 hostile demons
  1953 | D:4      | Noticed a soul eater
  1953 | D:4      | Noticed a ynoxinul
  2628 | D:5      | Entered Level 5 of the Dungeon
  2703 | D:5      | Reached XP level 7. HP: 44/46 MP: 7/14
  2710 | D:5      | XOM is BORED!
  2710 | D:5      | XOM: summons 4 hostile demons
  2711 | D:5      | Noticed a chaos spawn
  2748 | D:5      | XOM: give mutation
  2748 | D:5      | Gained mutation: You are partially covered in iridescent
                  | scales. (AC +2) [Xom's mischief]
  2808 | D:4      | XOM: cloud trail
  2874 | D:4      | Reached skill level 1 in Translocations
  2951 | D:5      | XOM: destruction
  3041 | D:5      | Reached skill level 1 in Fighting
  3050 | D:5      | XOM: god gift: 28 gold pieces
  3103 | D:5      | Learned a level 4 spell: Olgreb's Toxic Radiance
  3209 | D:5      | Reached skill level 5 in Spellcasting
  3314 | D:5      | Reached XP level 8. HP: 55/55 MP: 2/15
  3795 | D:6      | XOM: god gift: 23 gold pieces
  4030 | D:7      | Found a sacrificial altar of Ru.
  4030 | D:7      | Found a burning altar of Makhleb.
  4030 | D:7      | XOM: 6-stop teleportation journey
  4234 | D:6      | Reached XP level 9. HP: 61/63 MP: 14/18
  4280 | D:6      | Identified the serpent talisman of the Assorted Visions
                  | {rCorr Str-3 Slay+4}
  4415 | D:7      | XOM: fake destruction
  4458 | D:7      | XOM: 2-stop teleportation journey
  4509 | D:7      | XOM: destruction
  4545 | D:7      | XOM: summons friendly shadow imp
  4600 | D:7      | Found a staircase to the Ecumenical Temple.
  4606 | Temple   | Entered the Ecumenical Temple
  4617 | D:7      | XOM: 2-stop teleportation journey
  4638 | D:7      | XOM: god gift: 61 gold pieces
  4685 | D:7      | Found a sparkling altar of Nemelex Xobeh.
  4779 | D:8      | Noticed Maurice
  4787 | D:8      | Paralysed by Maurice for 3 turns
  4788 | D:8      | Killed Maurice
  4795 | D:8      | Reached skill level 5 in Alchemy
  4826 | D:8      | XOM: fog
  4919 | D:7      | Found an iron altar of Okawaru.
  4955 | D:7      | Found an ancient bone altar of Kikubaaqudgha.
  5006 | D:7      | XOM: god gift: staff of conjuration
  5143 | D:8      | XOM: summons 9 friendly demons
  5147 | D:8      | Reached skill level 1 in Armour
  5147 | D:8      | Reached XP level 10. HP: 70/70 MP: 21/21
  5355 | D:8      | Noticed Erica
  5369 | D:8      | Killed Erica
  5387 | D:8      | Noticed Pikel
  5391 | D:8      | Killed Pikel
  5523 | D:8      | Found a glowing golden altar of the Shining One.
  5526 | D:8      | Noticed an angel
  5534 | D:8      | Found a basalt altar of Yredelemnul.
  5536 | D:8      | Noticed a profane servitor
  5585 | D:9      | XOM: potion effect (invisibility)
  5589 | D:9      | XOM: confuse monster(s)
  5590 | D:9      | Found a staircase to the Lair.
  5596 | D:9      | Reached skill level 5 in Dodging
  5597 | D:9      | Reached skill level 10 in Conjurations
  5603 | D:9      | Noticed a two-headed ogre
  5633 | D:9      | XOM: cast spell 'Discord'
  5658 | D:8      | XOM: give mutations
  5658 | D:8      | Gained mutation: You have large cloven feet. [Xom's grace]
  5658 | D:8      | Gained mutation: You expend magic power (3 MP) to
                  | strengthen your wands. [Xom's grace]
  5658 | D:8      | Gained mutation: Your movements are slightly less
                  | encumbered by armour. (ER -2) [Xom's grace]
  5658 | D:8      | Gained mutation: You are robust. (+10% HP) [Xom's grace]
  5902 | D:9      | XOM: enchant monster (good)
  5904 | D:9      | XOM: divination: magic mapping
  5909 | D:9      | Reached XP level 11. HP: 82/82 MP: 14/23
  5921 | D:9      | XOM: potion effect (magic)
  5995 | D:9      | XOM: divination: magic mapping
  6187 | D:9      | XOM: god gift: 4 stones
  6294 | D:9      | Found a broken altar of Ashenzari.
  6562 | Lair:1   | Entered Level 1 of the Lair of Beasts
  6564 | Lair:1   | XOM: summons friendly quasit
  6570 | Lair:1   | XOM: confuse monster(s)
  6674 | Lair:1   | Reached skill level 1 in Staves
  6772 | Lair:2   | XOM: summons friendly crimson imp
  6797 | Lair:2   | Reached skill level 10 in Spellcasting
  6799 | Lair:2   | Reached XP level 12. HP: 91/91 MP: 4/26
  6805 | Lair:2   | Reached skill level 1 in Evocations
  6812 | Lair:2   | XOM: divination: magic mapping
  6903 | Lair:2   | XOM: summons friendly crimson imp
  6937 | Lair:2   | Noticed a four-headed hydra
  6942 | Lair:2   | XOM: summons 5 friendly demons
  6953 | Lair:2   | XOM: potion effect (might)
  7030 | Lair:1   | XOM: summons 12 friendly demons
  7066 | Lair:1   | Learned a level 5 spell: Arcjolt
  7124 | Lair:1   | XOM: polymorph polar bear -> acid dragon
  7126 | Lair:1   | XOM: summons 9 friendly demons
  7132 | Lair:1   | XOM: scenery: summon butterflies
  7202 | Lair:1   | XOM: god gift: battleaxe {god gift}
  7214 | Lair:1   | XOM: silly message
  7218 | Lair:1   | Reached skill level 1 in Air Magic
  7454 | Lair:2   | XOM: summons friendly ufetubus
  7480 | Lair:2   | Reached skill level 5 in Fighting
  7737 | Lair:2   | XOM: fake destruction
  7739 | Lair:2   | XOM: summons 2 friendly demons
  7744 | Lair:2   | Killed a four-headed hydra
  7745 | Lair:2   | Reached XP level 13. HP: 93/100 MP: 10/27
  7782 | Lair:2   | Noticed Harold
  7786 | Lair:2   | XOM: summons friendly iron imp
  7791 | Lair:2   | Killed Harold
  7792 | Lair:2   | Reached skill level 5 in Air Magic
  7869 | Lair:3   | XOM: fog
  8093 | Lair:4   | Reached XP level 14. HP: 107/107 MP: 30/30
  8140 | Lair:3   | XOM: scenery: create altars
  8298 | Lair:4   | Found a dark tunnel.
  8303 | Volcano  | Entered a volcano
  8372 | Volcano  | XOM: give mutations
  8372 | Volcano  | Gained mutation: You are very robust. (+20% HP) [Xom's
                  | grace]
  8372 | Volcano  | Gained mutation: Your muscles are strong. (Str +4, Int/Dex
                  | -1) [Xom's grace]
  8453 | Volcano  | XOM: scenery: create altars
  8522 | Volcano  | Found a burning altar of Makhleb.
  8541 | Volcano  | Noticed a red draconian
  8550 | Volcano  | Killed a red draconian
  8557 | Volcano  | XOM: divination: detect creatures
  8679 | Volcano  | Reached XP level 15. HP: 120/123 MP: 26/31
  8696 | Volcano  | Learned a level 6 spell: Starburst
  8703 | Volcano  | Learned a level 6 spell: Plasma Beam
  8809 | Lair:5   | Entered Level 5 of the Lair of Beasts
  8814 | Lair:5   | Reached skill level 1 in Fire Magic
  8936 | Lair:5   | XOM: potion effect (invisibility)
  8974 | Lair:4   | XOM: scenery: create altars
  9004 | Lair:5   | XOM: blink monster(s)
  9016 | Lair:5   | Reached skill level 5 in Fire Magic
  9034 | Lair:5   | Reached XP level 16. HP: 130/130 MP: 1/33
  9145 | Lair:4   | Found a staircase to the Slime Pits.
  9157 | Lair:5   | XOM: noise
  9159 | Lair:5   | XOM: destruction
  9214 | Lair:5   | XOM: divination: magic mapping
  9424 | Lair:5   | Reached skill level 10 in Air Magic
  9426 | Lair:5   | Reached skill level 10 in Fire Magic
  9501 | Lair:5   | Identified the +0 robe "Zeac" {+Inv rF- rCorr}
  9503 | Lair:5   | XOM: 6-stop teleportation journey
  9528 | Lair:5   | XOM: give mutations
  9528 | Lair:5   | Gained mutation: Your system is resistant to poisons.
                  | (rPois) [Xom's mischief]
  9528 | Lair:5   | Lost mutation: Your movements are slightly less encumbered
                  | by armour. (ER -2) [Xom's mischief]
  9545 | Lair:5   | XOM: cast spell 'Animate Armour'
  9602 | Lair:5   | Got an earthy gem with 1170 turns to spare
  9603 | Lair:5   | XOM: god gift: battleaxe {god gift}
 10094 | Lair:4   | XOM: scenery: create altars
 10168 | Lair:3   | Found a hole to the Spider Nest.
 10196 | Lair:3   | XOM: divination: magic mapping
 10269 | Lair:3   | XOM: divination: detect items
 10343 | Lair:3   | Found a staircase to the Shoals.
 10361 | Lair:3   | Found a runed translucent gate.
 10361 | Lair:3   | Found a runed translucent gate.
 10361 | Lair:3   | Found a runed translucent gate.
 10387 | Lair:3   | Noticed peter4's ghost (journeyman TrFi)
 10388 | Lair:3   | XOM: fog
 10405 | Lair:3   | Killed peter4's ghost
 10569 | Lair:3   | Identified the +7 sling "Loajoneg" {flame, rF+}
 10641 | Lair:3   | Learned a level 2 spell: Sublimation of Blood
 10647 | Lair:3   | Learned a level 5 spell: Irradiate
 11020 | D:10     | Entered Level 10 of the Dungeon
 11079 | D:10     | XOM is BORED!
 11079 | D:10     | XOM: 2-stop teleportation journey
 11140 | D:10     | XOM: smoke on damage
 11196 | D:10     | Reached skill level 1 in Necromancy
 11282 | D:10     | Noticed Grum
 11283 | D:10     | Killed Grum
 11328 | D:10     | Found a blossoming altar of Fedhas.
 11464 | D:11     | Identified a scroll of acquirement
 11464 | D:11     | Acquired a book of Vapours
 11513 | D:11     | Found a gate leading to a gauntlet.
 11532 | Gauntlet | Entered a Gauntlet
 11532 | Gauntlet | Found a transporter.
 11533 | Gauntlet | Found a large runed translucent door.
 11534 | Gauntlet | Found a large runed translucent door.
 11535 | Gauntlet | Found a large runed translucent door.
 11535 | Gauntlet | Found a large runed translucent door.
 11535 | Gauntlet | Found a runed translucent door.
 11536 | Gauntlet | Found a large runed translucent door.
 11537 | Gauntlet | Found a large runed translucent door.
 11537 | Gauntlet | Found a runed translucent door.
 11538 | Gauntlet | Found a large runed translucent door.
 11538 | Gauntlet | Found a large runed translucent door.
 11538 | Gauntlet | Found a large runed translucent door.
 11538 | Gauntlet | Found a large runed translucent door.
 11538 | Gauntlet | Found a large runed translucent door.
 11538 | Gauntlet | Found a large runed translucent door.
 11539 | Gauntlet | Found a large runed translucent door.
 11539 | Gauntlet | Found a large runed translucent door.
 11540 | Gauntlet | Found a large runed translucent door.
 11540 | Gauntlet | Found a large runed translucent door.
 11542 | Gauntlet | Found a transporter.
 11544 | Gauntlet | Found a transporter.
 11545 | Gauntlet | Found a transporter.
 11557 | Gauntlet | Found a runed translucent gate.
 11557 | Gauntlet | Found a runed translucent gate.
 11557 | Gauntlet | Found a runed translucent gate.
 11559 | Gauntlet | Found a transporter.
 11574 | Gauntlet | Found a transporter.
 11579 | Gauntlet | Found a transporter.
 11602 | Gauntlet | Found a transporter.
 11618 | Gauntlet | Found a transporter.
 11651 | Gauntlet | Found a transporter.
 11681 | Gauntlet | Found a transporter.
 11686 | Gauntlet | Found a transporter.
 11711 | Gauntlet | Found a transporter.
 11716 | Gauntlet | Found a transporter.
 11718 | Gauntlet | Found a transporter.
 11741 | Gauntlet | Found a transporter.
 11746 | Gauntlet | Found a transporter.
 11795 | Gauntlet | Found a transporter.
 11842 | Gauntlet | XOM: god gift: potion of ambrosia
 11888 | Gauntlet | XOM: polymorph fire bat -> fire bat
 11933 | Gauntlet | XOM: give mutations
 11933 | Gauntlet | Lost mutation: Your system is resistant to poisons. (rPois)
                  | [Xom's mischief]
 11933 | Gauntlet | Lost mutation: You are very robust. (+20% HP) [Xom's
                  | mischief]
 11933 | Gauntlet | Lost mutation: Your muscles are strong. (Str +4, Int/Dex
                  | -1) [Xom's mischief]
 11933 | Gauntlet | Lost mutation: You are partially covered in iridescent
                  | scales. (AC +2) [Xom's mischief]
 11990 | Gauntlet | Identified the +0 hat of Quick Satisfaction {+Blink rElec}
 12052 | Gauntlet | XOM: silly message
 12094 | Gauntlet | Identified the +1 pair of boots "Vaothraru" {Dex+2}
 12124 | Gauntlet | Identified the +0 short sword "Vimaoddo" {flame, rElec rF+}
 12516 | D:14     | Found a gate to the Vaults.
 12517 | D:14     | XOM: scenery: create altars
 12520 | D:14     | Reached XP level 17. HP: 98/126 MP: 27/34
 12596 | D:15     | Entered Level 15 of the Dungeon
 12807 | D:15     | XOM: fog
 12810 | D:15     | Found a staircase to the Depths.
 12867 | D:15     | Got a smoky gem with 1652 turns to spare
 12888 | D:15     | Acquired the ring of the King {rElec rN+ EV+5 Dex+4 Stlth-}
 12989 | D:15     | Noticed Jorgrun
 13053 | D:15     | Killed Jorgrun
 13295 | D:15     | Found a runed translucent door.
 13296 | D:15     | Found a shimmering altar of Xom.
 13296 | D:15     | Noticed Bustrupp's ghost (journeyman DsMo)
 13389 | D:14     | XOM: enchant monster (good)
 13444 | D:14     | XOM: 2-stop teleportation journey
 13502 | D:14     | XOM: scenery: create altars
 13832 | D:14     | XOM: divination: detect creatures
 13975 | D:14     | XOM: summons 4 hostile shadow creatures
 14044 | D:13     | Noticed Kirke
 14046 | D:13     | Killed Kirke
 14932 | D:13     | Identified the +4 plate armour "Nanipt" {rElec}
 15019 | D:13     | XOM: draining
 15132 | D:13     | XOM: summons 4 hostile demons
 15798 | D:12     | Found a staircase to the Orcish Mines.
 15798 | D:12     | Found Amiap's Armour Shop.
 15805 | D:12     | Bought a +2 pair of boots of stealth for 279 gold pieces
 15836 | D:12     | XOM: divination: detect creatures
 15916 | D:12     | Identified the +0 ring mail "Mitoam" {rC+ Dex+4 SInv}
 16083 | D:12     | Upgraded the game from 0.32-a0-172-gc5dd13f2a7 to
                  | 0.32-a0-290-g598725c5f2
 16084 | Orc:1    | Entered Level 1 of the Orcish Mines
 16115 | Orc:1    | Reached skill level 15 in Spellcasting
 16119 | Orc:1    | XOM: confuse monster(s)
 16119 | Orc:1    | Noticed Sonja
 16127 | Orc:1    | Killed Sonja
 16198 | Orc:1    | Found Soneigarch's Book Shoppe.
 16206 | Orc:1    | Bought a book of Air for 242 gold pieces
 16215 | Orc:1    | Learned a level 8 spell: Maxwell's Capacitive Coupling
 16315 | Orc:1    | XOM: silly message
 16568 | Orc:2    | Entered Level 2 of the Orcish Mines
 16596 | Orc:2    | Found a staircase to the Elven Halls.
 16648 | Orc:2    | Noticed Donald
 16654 | Orc:1    | Killed Donald
 16826 | Orc:2    | Noticed Erolcha
 16833 | Orc:2    | Killed Erolcha
 16834 | Orc:2    | Reached skill level 1 in Shields
 16834 | Orc:2    | Reached XP level 18. HP: 133/133 MP: 19/37
 16850 | Orc:2    | XOM: noise
 16954 | Orc:2    | XOM: 2-stop teleportation journey
 17007 | Orc:2    | Found a roughly hewn altar of Beogh.
 17063 | Orc:2    | Found Laaryubb's Jewellery Boutique.
 17078 | Orc:2    | Found Lymusauk's Antique Armour Boutique.
 17095 | Orc:2    | Found Wiaq's General Store.
 17112 | Orc:2    | Found Acry's Antique Weapon Boutique.
 17134 | Orc:2    | Bought the ring of Badal {Wiz rPois rF++ Int+2 Dex-3} for
                  | 962 gold pieces
 17160 | Orc:2    | Bought a masterwork helmet for 313 gold pieces
 17160 | Orc:2    | Identified the +2 helmet of the Devil's Team {Str+2 Dex+5}
                  | (You bought it in a shop on level 2 of the Orcish Mines)
 17285 | Orc:2    | XOM: noise
 17529 | Elf:1    | Entered Level 1 of the Elven Halls
 17579 | Elf:1    | Got Sunymmer's Octavo of the Dynamic Tektite
 17814 | Elf:2    | Found Dwki's Desiderata Depot.
 17821 | Elf:2    | Found Nexuogah's Armour Shop.
 17821 | Elf:2    | XOM: 2-stop teleportation journey
 17829 | Elf:2    | XOM: noise
 17830 | Elf:2    | XOM: summons friendly ufetubus
 17925 | Elf:2    | XOM: torment (68/133 hp)
 17962 | Elf:1    | XOM: divination: detect items
 18010 | Elf:2    | XOM: smoke on damage
 18216 | Elf:1    | Reached skill level 5 in Shields
 18324 | Elf:2    | Found a transporter.
 18330 | Elf:3    | Entered Level 3 of the Elven Halls
 18387 | Elf:3    | XOM: god gift: pair of embroidered gloves {god gift}
 18471 | Elf:3    | XOM: summons friendly crimson imp
 18481 | Elf:3    | Noticed a deep elf blademaster
 18482 | Elf:3    | XOM: scenery: summon butterflies
 18484 | Elf:3    | XOM: summons 2 friendly demons
 18487 | Elf:3    | Killed a deep elf blademaster
 18492 | Abyss:2  | Cast into level 2 of the Abyss (a deep elf sorcerer)
 18574 | Abyss:2  | XOM: cleaving
 18575 | Abyss:2  | Noticed a hellephant
 18713 | Abyss:2  | XOM: noise
 18824 | Abyss:2  | Found a corrupted altar of Lugonu.
 18921 | Abyss:2  | Noticed a tentacled monstrosity
 18922 | Abyss:2  | XOM: summons 2 friendly demons
 18930 | Abyss:2  | Killed a tentacled monstrosity
 18931 | Abyss:2  | Reached XP level 19. HP: 130/138 MP: 10/39
 18960 | Abyss:2  | Found a corrupted altar of Lugonu.
 19008 | Abyss:2  | XOM: polymorph smoke demon -> lemure
 19040 | Abyss:2  | XOM: enchant monster (bad)
 19090 | Abyss:2  | XOM: smoke on damage
 19387 | Elf:3    | Escaped the Abyss
 19553 | Elf:3    | XOM: enchant monster (good)
 19614 | Elf:3    | Identified the +7 glaive "Qoreybyk" {venom, Int+3}
 19705 | Elf:3    | Identified the +11 falchion of Tension {flame, Fly rC+ rN++
                  | Dex-2}
 19758 | Elf:3    | Identified the +5 quarterstaff "Esank" {flame, rF- Will+
                  | Stlth+}
 19759 | Elf:3    | Identified the +5 long sword "Saoczout" {freeze, Int+3}
 19761 | Elf:3    | Identified the ring of Pikhleja {Ice rN++}
 19764 | Elf:3    | Identified the +3 quarterstaff "Waunein" {freeze, rC+
                  | Str+3}
 19766 | Elf:3    | Identified the +2 battleaxe of the Trees {pain, rElec
                  | rPois}
 19766 | Elf:3    | Identified the ring of Carom {^Drain Fly Will+ MP+9 Int+6}
 19803 | Elf:3    | Got a shimmering gem with 426 turns to spare
 19815 | Elf:3    | Identified the +6 orcbow "Toocs" {elec, rC+ Dex+7}
 19823 | Elf:3    | Identified the +8 sling of the Old World {flame, rF+}
 19824 | Elf:3    | Identified the +8 orcbow "Higiat" {flame, rC+}
 19842 | Elf:3    | Identified the +0 ring mail of Indecent Exposure {rF+ rN+}
 19857 | Elf:3    | Identified the +3 mace "Pyx Hiel" {flame, Will+++ MP-9
                  | Dex+6}
 20035 | Elf:3    | XOM: silly message
 20064 | Elf:3    | XOM: silly message
 20142 | Elf:3    | Reached skill level 15 in Air Magic
 20211 | Elf:3    | XOM: silly message
 20295 | Elf:2    | Found a transporter.
 20301 | Elf:2    | Found a bloodstained altar of Trog.
 20309 | Elf:2    | Noticed Lurir's ghost (journeyman KoHu)
 20343 | Elf:2    | XOM: god gift: 3 scrolls of amnesia
 20371 | Elf:2    | Killed Lurir's ghost
 20392 | Elf:2    | XOM: silly message
 20913 | Elf:2    | XOM: 1-stop teleportation journey
 20995 | Elf:2    | Found a runed translucent door.
 20996 | Elf:2    | Found a runed translucent door.
 21096 | Elf:2    | XOM: polymorph deep elf blademaster -> great orb of eyes
 21474 | Elf:2    | XOM: give mutations
 21474 | Elf:2    | Gained mutation: Your skin changes colour to match your
                  | surroundings (Stealth+). [Xom's mischief]
 21474 | Elf:2    | Gained mutation: You occasionally lose the ability to drink
                  | potions when taking damage. [Xom's mischief]
 22166 | D:11     | Reached XP level 20. HP: 146/146 MP: 40/40
 22475 | D:11     | Found a glowing golden altar of the Shining One.
 22820 | D:10     | Found Toalicos's Weapon Shop.
 22986 | D:10     | XOM: silly message
 23005 | D:10     | XOM: silly message
 23062 | D:10     | XOM: 1-stop teleportation journey
 23130 | D:10     | XOM: cloud trail
 23299 | Spider:1 | Entered Level 1 of the Spider Nest
 23308 | Spider:1 | XOM: cast spell 'Metabolic Englaciation'
 23397 | Spider:2 | XOM: stealth player
 23478 | Spider:3 | XOM: cloud trail
 23496 | Spider:3 | XOM: god gift: potion of curing
 23514 | Spider:4 | Entered Level 4 of the Spider Nest
 23514 | Spider:4 | Noticed Roxanne
 23587 | Spider:3 | XOM: swap monsters
 23744 | Spider:4 | Reached skill level 15 in Conjurations
 23867 | Spider:4 | Killed Roxanne
 24102 | Spider:4 | Noticed Arachne
 24112 | Spider:4 | Killed Arachne
 24131 | Spider:4 | XOM: polymorph culicivora -> water moccasin
 24400 | Spider:4 | Reached skill level 10 in Dodging
 24411 | Spider:4 | Reached skill level 10 in Shields
 24443 | Spider:4 | XOM: scenery: summon butterflies
 24454 | Spider:4 | XOM: summons 3 hostile shadow creatures
 24808 | Spider:4 | Got a gossamer rune of Zot
 24836 | Spider:4 | Got a milky-white gem with 858 turns to spare
 25200 | Spider:3 | XOM: god gift: 15 gold pieces
 25341 | Spider:3 | XOM: silly message
 25595 | Spider:2 | XOM: torment (75/148 hp)
 25598 | Spider:2 | Noticed Asterion
 25664 | Spider:2 | Killed Asterion
 25786 | Spider:2 | Reached XP level 21. HP: 155/155 MP: 41/42
 25969 | Spider:2 | Noticed Nikola
 25974 | Spider:2 | Killed Nikola
 26166 | Spider:2 | Learned a level 9 spell: Chain Lightning
 26291 | Spider:1 | XOM: chaos cloud
 26440 | Spider:1 | XOM: 4-stop teleportation journey
 26513 | Spider:1 | Identified the +0 leather armour of the Invisible Hand
                  | {rF+}
 26666 | Spider:1 | XOM: cast spell 'Death Channel'
 26824 | Spider:1 | You are sucked into a shaft and drop 1 floor!
 26981 | Shoals:1 | Entered Level 1 of the Shoals
 26991 | Shoals:1 | XOM: summons 16 friendly demons
 26996 | Shoals:1 | XOM: scenery: create altars
 27089 | Shoals:1 | XOM: god gift: ring of resist corrosion
 27212 | Shoals:2 | Noticed Ilsuiw
 27217 | Shoals:2 | XOM: destruction
 27261 | Shoals:2 | XOM: confuse monster(s)
 27271 | Shoals:2 | XOM: potion effect (berserk rage)
 27332 | Shoals:2 | Killed Ilsuiw
 27332 | Shoals:2 | XOM: fog
 27350 | Shoals:2 | Identified the ring "Nenidov" {Fire rPois Will- Str+2}
 27475 | Shoals:4 | Entered Level 4 of the Shoals
 27505 | Shoals:4 | XOM: cast spell 'Animate Armour'
 27514 | Shoals:4 | XOM: cloud trail
 27570 | Shoals:4 | Found a runed translucent door.
 27593 | Shoals:4 | XOM: god gift: 2 silver javelins
 27613 | Shoals:4 | Identified the amulet "Kisu" {Acrobat rF+ SInv}
 27668 | Shoals:4 | Got Kovusosm's Tome of Lapidarian Sidekicks
 27685 | Shoals:4 | XOM: 3-stop teleportation journey
 27701 | Shoals:4 | XOM: god gift: 4 stones
 27746 | Shoals:4 | Got an azure gem with 1139 turns to spare
 27748 | Shoals:4 | Got a barnacled rune of Zot
 27915 | Shoals:4 | Identified the +7 long sword "Utyleqyomm" {antimagic, *Slow
                  | +Blink Int+4}
 28032 | Shoals:4 | XOM: cloud trail
 28363 | Shoals:4 | Identified the staff of Integrity {Int+2 Conj Earth}
 28456 | Shoals:3 | XOM: swap monsters
 28461 | Shoals:3 | Reached XP level 22. HP: 159/161 MP: 45/45
 28622 | Shoals:3 | Identified the +3 tower shield of Midsummer {Rampage}
 28761 | Shoals:3 | XOM: confusion (+ monsters)
 29057 | Shoals:3 | XOM: stat loss: -1 Dex (13/14)
 29146 | Shoals:3 | Identified the +0 animal skin "Omeb" {Str+4 Int-3 Dex+3}
 29339 | Shoals:2 | XOM: give mutations
 29339 | Shoals:2 | Gained mutation: You occasionally lose the ability to read
                  | scrolls when taking damage. [Xom's mischief]
 29339 | Shoals:2 | Gained mutation: You have an increased reservoir of magic.
                  | (+10% MP) [Xom's mischief]
 29339 | Shoals:2 | Lost mutation: You expend magic power (3 MP) to strengthen
                  | your wands. [Xom's mischief]
 29339 | Shoals:2 | Lost mutation: You occasionally lose the ability to drink
                  | potions when taking damage. [Xom's mischief]
 29403 | Shoals:2 | XOM: summons 2 hostile demons
 29415 | Shoals:2 | XOM: swap monsters
 29534 | Shoals:2 | XOM: give mutations
 29534 | Shoals:2 | Lost mutation: You have large cloven feet. [Xom's mischief]
 29534 | Shoals:2 | Gained mutation: Your mind is acute. (Int +4, Str/Dex -1)
                  | [Xom's mischief]
 29534 | Shoals:2 | Lost mutation: Your mind is acute. (Int +4, Str/Dex -1)
                  | [Xom's mischief]
 29657 | Shoals:2 | XOM: torment (82/161 hp)
 30514 | Lair:3   | Learned a level 6 spell: Conjure Ball Lightning
 30514 | Lair:3   | Upgraded the game from 0.32-a0-290-g598725c5f2 to
                  | 0.32-a0-306-gfed3edf829
 30530 | Lair:3   | XOM: draining
 30687 | Vaults:1 | XOM: stealth player
 30687 | Vaults:1 | Entered Level 1 of the Vaults
 30687 | Vaults:1 | Found Jitorch's Armour Shop.
 30691 | Vaults:1 | Bought the +4 Cigotuvi's embrace {Corpsefed rMiasma ^Drain
                  | rN+} for 331 gold pieces
 30691 | Vaults:1 | Found the +4 Cigotuvi's embrace {Corpsefed rMiasma ^Drain
                  | rN+}
 30797 | Vaults:1 | XOM: swap monsters
 30899 | Vaults:2 | XOM: give mutations
 30899 | Vaults:2 | Gained mutation: You are vulnerable to heat. (rF-) [Xom's
                  | mischief]
 30899 | Vaults:2 | Gained mutation: You sometimes lose the ability to read
                  | scrolls when taking damage. [Xom's mischief]
 30899 | Vaults:2 | Gained mutation: You are agile. (Dex +4, Str/Int -1) [Xom's
                  | mischief]
 31017 | Vaults:3 | Reached skill level 5 in Staves
 31029 | Vaults:3 | Noticed Margery
 31034 | Vaults:3 | XOM: cast spell 'Iskenderun's Battlesphere'
 31036 | Vaults:3 | Killed Margery
 31232 | Vaults:3 | Noticed Mara
 31243 | Vaults:3 | Killed Mara
 31355 | Vaults:4 | XOM: noise
 31386 | Vaults:4 | Found Aptinlui's Assorted Antiques.
 31418 | Vaults:4 | Reached XP level 23. HP: 167/167 MP: 51/51
 31479 | Vaults:4 | Identified the orb of Twilight {*channel, Slay+2}
 31479 | Vaults:4 | Noticed Frederick
 31482 | Vaults:4 | XOM: swap monsters
 31487 | Vaults:4 | Killed Frederick
 31583 | Vaults:4 | Identified the +5 hand axe "Ecozis" {flame, rF+ rCorr SInv}
 31587 | Vaults:4 | Found Basuc's Assorted Antiques.
 31642 | Vaults:4 | XOM: 4-stop teleportation journey
 31692 | Vaults:4 | XOM: draining
 31736 | Vaults:5 | Entered Level 5 of the Vaults
 31749 | Vaults:5 | XOM: repel stairs
 31762 | Vaults:5 | XOM: give mutations
 31762 | Vaults:5 | Gained mutation: You are strong-willed. (Will+) [Xom's
                  | grace]
 31762 | Vaults:5 | Gained mutation: You are partially covered in iridescent
                  | scales. (AC +2) [Xom's grace]
 31763 | Vaults:5 | Noticed a golden dragon
 31766 | Vaults:5 | XOM: swap monsters
 31784 | Vaults:5 | XOM: summons 16 friendly demons
 31818 | Vaults:5 | Identified the +6 quarterstaff "Raemmugi" {freeze, rF+ rN+
                  | Int-5}
 31838 | Vaults:5 | XOM: scenery: create altars
 31839 | Vaults:5 | XOM: enchant monster (good)
 31849 | Vaults:5 | Identified the amulet of Etitzamm {Reflect +Inv SH+5}
 31852 | Vaults:5 | Identified the +7 sling of Xucuewal {heavy, rF+ Will+
                  | Int+2}
 31889 | Vaults:5 | XOM: give mutations
 31889 | Vaults:5 | Gained mutation: You are resistant to electric shocks.
                  | (rElec) [Xom's mischief]
 31889 | Vaults:5 | Lost mutation: You are vulnerable to heat. (rF-) [Xom's
                  | mischief]
 31889 | Vaults:5 | Lost mutation: You are agile. (Dex +4, Str/Int -1) [Xom's
                  | mischief]
 31889 | Vaults:5 | Lost mutation: You have an increased reservoir of magic.
                  | (+10% MP) [Xom's mischief]
 31980 | Vaults:5 | Noticed an ancient lich
 31981 | Vaults:5 | XOM: summons 6 friendly demons
 31992 | Vaults:5 | Killed an ancient lich
 31992 | Vaults:5 | Killed a golden dragon
 32002 | Vaults:5 | Noticed a golden dragon
 32016 | Vaults:5 | Noticed a golden dragon
 32026 | Vaults:5 | Killed a golden dragon
 32027 | Vaults:5 | Reached XP level 24. HP: 165/174 MP: 5/47
 32229 | Vaults:5 | XOM: smoke on damage
 32374 | Vaults:5 | Identified the +1 pair of gloves "Evoanele" {Rampage Dex+6}
 32387 | Vaults:5 | Got the Directory of Kismet
 32416 | Vaults:5 | Got the Quarto of the Compass and the Icicle
 32448 | Vaults:5 | Identified the ring of Lupnoroi {rElec rPois rN+ Int+3
                  | Dex-4}
 32592 | Vaults:5 | Identified the +8 halberd of Exoneration {flame, rElec rC-
                  | Dex+5}
 32688 | Vaults:5 | XOM: draining
 32739 | Vaults:5 | XOM: cast spell 'Monstrous Menagerie'
 32775 | Vaults:5 | Got a shining gem with 1688 turns to spare
 32777 | Vaults:5 | Got a silver rune of Zot
 32782 | Vaults:5 | Got Sif Muna's Writings on Assistive Portals
 33000 | Vaults:5 | XOM is BORED!
 33000 | Vaults:5 | XOM: noise
 33135 | Vaults:4 | XOM: confuse monster(s)
 33303 | Vaults:4 | Found Yxumisoe's Orb Outfitters.
 33361 | Vaults:4 | Bought the crystal ball of Wucad Mu {*channel} for 1400
                  | gold pieces
 33361 | Vaults:4 | Found the crystal ball of Wucad Mu {*channel}
 33387 | Vaults:4 | XOM: cleaving
 33552 | Vaults:4 | Learned a level 7 spell: Orb of Destruction
 33561 | Vaults:4 | Found Angoudau's Assorted Antiques.
 33569 | Vaults:4 | Bought a scroll of acquirement for 1768 gold pieces
 33569 | Vaults:4 | Acquired the +3 pair of mountain boots {steadfast, rC+}
 33569 | Vaults:4 | Found the +3 pair of mountain boots {steadfast, rC+}
 33586 | Vaults:4 | XOM: divination: detect creatures
 33655 | Vaults:4 | Found Hohecroi's Distillery.
 33735 | Vaults:4 | Found Kynn's Armour Shoppe.
 33810 | Vaults:3 | XOM: scenery: 1 doors open
 34230 | Vaults:2 | XOM: summons friendly shadow imp
 34284 | Vaults:2 | Reached XP level 25. HP: 180/180 MP: 48/48
 34525 | Vaults:3 | XOM: cloud trail
 34570 | Vaults:2 | XOM: scenery: 1 doors close
 34637 | Vaults:2 | Identified the +10 quarterstaff "Wuputs" {freeze, Dex+5}
 34706 | Vaults:2 | XOM: give mutations
 34706 | Vaults:2 | Gained mutation: Your movements are slightly less
                  | encumbered by armour. (ER -2) [Xom's grace]
 34706 | Vaults:2 | Gained mutation: You have hidden genetic potential. [Xom's
                  | grace]
 34706 | Vaults:2 | Gained mutation: Your mind is acute. (Int +4, Str/Dex -1)
                  | [Xom's grace]
 34706 | Vaults:2 | Gained mutation: Your system is resistant to poisons.
                  | (rPois) [Xom's grace]
 34722 | Vaults:2 | XOM: 3-stop teleportation journey
 34825 | Vaults:2 | XOM: fog
 34983 | Vaults:2 | XOM: summons 16 friendly demons
 35008 | Vaults:2 | XOM: summons friendly crimson imp
 35121 | Vaults:2 | Found a staircase to the Crypt.
 35560 | Vaults:1 | XOM: god gift: scroll of teleportation
 35612 | Vaults:1 | XOM: smoke on damage
 35635 | Vaults:1 | XOM: god gift: shiny scale mail {god gift}
 35661 | Vaults:1 | XOM: scenery: 2 doors open, 2 doors close
 35691 | Vaults:1 | XOM: summons 1 hostile demon
 35732 | Vaults:1 | XOM: give mutations
 35732 | Vaults:1 | Lost mutation: You have hidden genetic potential. [Xom's
                  | mischief]
 35732 | Vaults:1 | Lost mutation: You are robust. (+10% HP) [Xom's mischief]
 35732 | Vaults:1 | Gained mutation: Your mind is very acute. (Int +8, Str/Dex
                  | -2) [Xom's mischief]
 35732 | Vaults:1 | Gained mutation: You are weak. (Str -2) [Xom's mischief]
 35984 | D:15     | XOM: silly message
 36007 | D:15     | Killed Bustrupp's ghost
 36055 | Depths:1 | Entered Level 1 of the Depths
 36214 | Depths:2 | XOM: noise
 36227 | Depths:2 | XOM: polymorph sun demon -> soul eater
 36250 | Depths:1 | Found a one-way gateway to a ziggurat.
 36270 | Depths:1 | Reached XP level 26. HP: 171/171 MP: 49/49
 36348 | Depths:1 | XOM: stat loss: -1 Str (6/7)
 36379 | Depths:1 | Found a gateway to Hell.
 36391 | Hell     | Entered the Vestibule of Hell
 36391 | Hell     | Noticed Geryon
 36396 | Hell     | Killed Geryon
 36442 | Hell     | XOM: polymorph blizzard demon -> something unseen
 36478 | Hell     | Found a gateway to the ashen valley of Gehenna.
 36567 | Hell     | Found a gateway to the decaying netherworld of Tartarus.
 36663 | Hell     | Found a gateway to the freezing wastes of Cocytus.
 36744 | Hell     | Found a gateway to the Iron City of Dis.
 36862 | Depths:1 | Found a one-way gate leading to the halls of Pandemonium.
 36915 | Depths:1 | XOM: torment (96/171 hp)
 36992 | Depths:3 | XOM: blink monster(s)
 37154 | Depths:3 | Found Hirr's Weapon Shoppe.
 37156 | Depths:3 | Found Araqirr's Distillery.
 37159 | Depths:3 | Found Abbo's Armour Shoppe.
 37164 | Depths:3 | Bought a potion of heal wounds for 60 gold pieces
 37164 | Depths:3 | Bought 2 potions of mutation for 192 gold pieces
 37164 | Depths:3 | Bought a potion of curing for 36 gold pieces
 37164 | Depths:3 | Bought a potion of heal wounds for 60 gold pieces
 37164 | Depths:3 | Bought a potion of haste for 120 gold pieces
 37183 | Depths:4 | Entered Level 4 of the Depths
 37235 | Depths:4 | XOM: summons 2 hostile shadow creatures
 37368 | Depths:4 | Found a one-way gate to the infinite horrors of the Abyss.
 37402 | Depths:4 | Reached XP level 27. HP: 175/176 MP: 50/50
 37405 | Depths:4 | Found a gate to the Realm of Zot.
 37419 | Depths:4 | Got a midnight gem with 2022 turns to spare
 37477 | Depths:4 | Voluntarily entered the Abyss.
 37481 | Abyss:2  | Found a corrupted altar of Lugonu.
 37518 | Abyss:2  | Found a corrupted altar of Lugonu.
 37620 | Abyss:2  | Found a corrupted altar of Lugonu.
 37639 | Abyss:2  | Found a corrupted altar of Lugonu.
 37639 | Abyss:2  | Found a corrupted altar of Lugonu.
 37642 | Abyss:3  | Found a corrupted altar of Lugonu.
 37679 | Depths:4 | Escaped the Abyss
 37683 | Depths:4 | Voluntarily entered the Abyss.
 37761 | Depths:4 | Escaped the Abyss
 37763 | Depths:4 | Voluntarily entered the Abyss.
 37792 | Abyss:3  | Found a corrupted altar of Lugonu.
 37877 | Abyss:3  | Got an abyssal rune of Zot
 37899 | Depths:4 | Escaped the Abyss
 38130 | Depths:4 | Found a gateway to a bazaar.
 38134 | Bazaar   | Entered a bazaar
 38134 | Bazaar   | Found Ateujul's Jewellery Boutique.
 38134 | Bazaar   | Found Maaxokar's Assorted Antiques.
 38134 | Bazaar   | Found Borib's Armour Shop.
 38134 | Bazaar   | Found Ruczaobi's General Store.
 38154 | Bazaar   | Bought a potion of mutation for 80 gold pieces
 38154 | Bazaar   | Bought a scroll of teleportation for 30 gold pieces
 38154 | Bazaar   | Bought a potion of curing for 30 gold pieces
 38484 | Depths:4 | XOM: give mutation
 38484 | Depths:4 | Gained mutation: You occasionally lose the ability to drink
                  | potions when taking damage. [Xom's mischief]
 38913 | Depths:3 | XOM: divination: detect items
 39012 | Depths:3 | XOM: silly message
 39226 | Depths:3 | XOM: silly message
 39323 | Depths:3 | XOM: divination: magic mapping
 39546 | Depths:2 | XOM: cast spell 'Summon Ice Beast'
 39596 | Depths:2 | XOM: 2-stop teleportation journey
 39802 | Depths:2 | XOM: give mutation
 39802 | Depths:2 | Gained mutation: Your flesh is heat resistant. (rF+) [Xom's
                  | grace]
 39826 | Depths:2 | XOM: god gift: 4 atropa-tipped darts
 39828 | Depths:2 | Found a runed translucent door.
 39828 | Depths:2 | Noticed Cofabior's ghost (veteran GnWn)
 39838 | Depths:2 | Killed Cofabior's ghost
 39980 | Depths:2 | Found a portal to a secret trove of treasure.
 40100 | Depths:2 | XOM: god gift: potion of degeneration
 40277 | Depths:2 | Found a runed door.
 40362 | Depths:2 | Noticed a dread lich
 40362 | Depths:2 | Noticed an ancient lich
 40363 | Depths:2 | Killed a dread lich
 40364 | Depths:2 | Killed an ancient lich
 40492 | Depths:2 | Identified the -1 pair of gloves of Grim New Discoveries
                  | {rPois Will++}
 40494 | Depths:2 | Got the Octavo of the Nocuous Compass
 40518 | Depths:2 | Identified the staff of Anuw {rElec rPois Conj Alchemy}
 40526 | Depths:2 | Acquired the +5 pair of gloves of the Constellations {rF+}
 40890 | Depths:1 | XOM: 1-stop teleportation journey
 40985 | Depths:1 | Found a runed translucent door.
 40986 | Depths:1 | Noticed Gumuy's ghost (adept MiHu)
 40992 | Depths:1 | Killed Gumuy's ghost
 41003 | Depths:1 | XOM: god gift: 49 gold pieces
 41448 | Slime:1  | Entered Level 1 of the Pits of Slime
 41499 | Slime:3  | XOM: cleaving
 41596 | Slime:4  | XOM: swap monsters
 41677 | Slime:5  | Entered Level 5 of the Pits of Slime
 41680 | Slime:5  | Noticed Dissolution
 41682 | Slime:5  | Reached skill level 15 in Dodging
 41685 | Slime:5  | Killed Dissolution
 41700 | Slime:5  | Noticed the Royal Jelly
 41706 | Slime:5  | Killed the Royal Jelly
 41751 | Slime:5  | Found the +8 arc blade {discharge, rElec}
 41782 | Slime:5  | Identified the +9 scimitar of the End of Times {venom, rF+}
 41798 | Slime:5  | Identified the +1 spear "Glorpo" {elec, Int+2 Stlth+}
 41799 | Slime:5  | Identified the +3 acid dragon scales "Getown" {rCorr Str+4}
 41816 | Slime:5  | Found the +4 robe of Folly {Brill Will-∞ Int+8}
 41877 | Slime:5  | Identified the amulet of Houmni {Faith +Inv}
 41878 | Slime:5  | Got a starry gem with 192 turns to spare
 41880 | Slime:5  | Got a slimy rune of Zot
 41884 | Slime:5  | Identified the +9 great mace of Depoy {antimagic, *Rage
                  | rPois Int+6 Dex+3}
 41888 | Slime:5  | XOM: noise
 41912 | Slime:5  | Identified the +3 ring mail of the Land of Plenty {rPois
                  | Dex+3}
 41937 | Slime:5  | Identified the +0 war axe of the Ecumenical Temple {elec,
                  | ^Drain +Blink Str+2}
 41975 | Slime:5  | XOM: silly message
 42731 | Slime:3  | XOM: divination: detect items
 42752 | Slime:3  | XOM: silly message
 43016 | Slime:2  | XOM: summons 1 hostile shadow creature
 43399 | Slime:3  | XOM: cloud trail
 43915 | Crypt:1  | Entered Level 1 of the Crypt
 43939 | Crypt:1  | XOM: divination: detect creatures
 43946 | Crypt:1  | Identified the ring of Kekymag {Ice +Blink Str+2}
 43946 | Crypt:1  | Noticed Josephina
 43947 | Crypt:1  | XOM: smoke on damage
 43948 | Crypt:1  | Killed Josephina
 44156 | Crypt:1  | XOM: divination: detect items
 44185 | Vaults:2 | XOM: give mutation
 44185 | Vaults:2 | Gained mutation: You expend magic power (3 MP) to
                  | strengthen your wands. [Xom's grace]
 44453 | Crypt:3  | Entered Level 3 of the Crypt
 44515 | Crypt:3  | Noticed Bai Suzhen
 44526 | Crypt:3  | Killed Bai Suzhen
 44678 | Crypt:3  | Noticed a dread lich
 44687 | Crypt:3  | Killed a dread lich
 44720 | Crypt:3  | Found an ancient bone altar of Kikubaaqudgha.
 44745 | Crypt:3  | Got an ivory gem with 1134 turns to spare
 44794 | Crypt:3  | Found the +13 scythe of Curses {drain, curses, ^Drain}
 44806 | Crypt:3  | Got Sif Muna's Vellum of Tempestuous Wounds
 44943 | Crypt:3  | Noticed Xtahua
 44956 | Crypt:3  | Killed Xtahua
 44968 | Crypt:3  | Identified the +2 robe of Impressiveness {Harm rN+ Str+2
                  | Int+4}
 44968 | Crypt:3  | Noticed Boris
 44977 | Crypt:3  | XOM: cloud trail
 44986 | Crypt:3  | Killed Boris
 45056 | Crypt:3  | Found a staircase to the Tomb.
 45067 | Crypt:3  | Identified the amulet of Absolutism {Spirit -Cast rElec rF+
                  | rC++}
 45133 | Crypt:3  | XOM: god gift: +0 pair of boots of flying
 45432 | Crypt:2  | Found a basalt altar of Yredelemnul.
 45555 | Crypt:2  | XOM: god gift: leather armour {god gift}
 45950 | Crypt:2  | XOM: god gift: 16 gold pieces
 46023 | Crypt:1  | Got the Omnibus of Caskets
 46025 | Crypt:1  | Noticed Sojobo
 46026 | Crypt:1  | XOM: enchant monster (good)
 46030 | Crypt:1  | Killed Sojobo
 46597 | Depths:2 | You paid a toll of +2 ice dragon scales to enter a treasure
                  | trove
 46598 | Trove    | Entered a treasure trove
 46631 | Trove    | Identified the +5 plate armour of Impressiveness {Harm
                  | rPois rF+++ Dex-3}
 46653 | Trove    | Identified the amulet of the Building Gods {Reflect rF+
                  | Regen+ SH+5 Stlth+}
 46655 | Trove    | Identified the amulet "Qozoaxylagi" {Spirit -Tele rN++}
 46684 | Trove    | XOM: noise
 46705 | Depths:2 | Learned a level 4 spell: Vhi's Electric Charge
 46714 | Depths:2 | Learned a level 8 spell: Ignition
 46832 | Zot:1    | Entered Level 1 of the Realm of Zot
 47193 | Zot:1    | XOM: swap monsters
 47257 | Zot:3    | XOM: noise
 47346 | Zot:5    | Entered Level 5 of the Realm of Zot
 47388 | Zot:5    | XOM: chaos cloud
 47402 | Zot:5    | Got a prismatic gem with 432 turns to spare
 47413 | Zot:5    | Noticed an ancient lich
 47418 | Zot:5    | Killed an ancient lich
 47433 | Zot:5    | Noticed a dread lich
 47435 | Zot:5    | Killed a dread lich
 47439 | Zot:5    | Reached skill level 15 in Fire Magic
 47452 | Zot:5    | Noticed an orb of fire
 47454 | Zot:5    | Gained mutation: Your body sometimes deteriorates upon
                  | taking damage. [an orb of fire]
 47455 | Zot:5    | Killed an orb of fire
 47455 | Zot:5    | Noticed an ancient lich
 47458 | Zot:5    | Killed an ancient lich
 47470 | Zot:5    | Noticed an ancient lich
 47473 | Zot:5    | Killed an ancient lich
 47497 | Zot:5    | XOM: 1-stop teleportation journey
 47534 | Zot:5    | Noticed an orb of fire
 47534 | Zot:5    | Noticed an orb of fire
 47538 | Zot:5    | Killed an orb of fire
 47538 | Zot:5    | Killed an orb of fire
 47594 | Zot:5    | Noticed an orb of fire
 47599 | Zot:5    | Killed an orb of fire
 47714 | Zot:5    | XOM: smoke on damage
 47719 | Zot:5    | Identified the +1 robe "Urhyerel" {*Corrode rF+ Dex+3}
 47721 | Zot:5    | Noticed an ancient lich
 47723 | Zot:5    | Killed an ancient lich
 47846 | Zot:5    | XOM: summons 3 hostile demons
 47881 | Zot:5    | XOM: summons 9 hostile demons
 48040 | Zot:5    | XOM: god gift: 1214 gold pieces
 48694 | Zot:4    | XOM: summons 4 hostile demons
 48833 | Zot:3    | XOM: destruction
 48908 | Zot:3    | Identified the +3 chain mail of Day {rElec rF+}
 49181 | Zot:3    | XOM: stat loss: -1 Str (6/7)
 49593 | Zot:2    | Found a transporter.
 49620 | Zot:2    | XOM: noise
 49624 | Zot:2    | Found a transporter.
 49625 | Zot:2    | XOM: smoke on damage
 49628 | Zot:2    | Found a transporter.
 49632 | Zot:2    | Found a transporter.
 49930 | Zot:2    | Found a runed translucent door.
 49930 | Zot:2    | Found a shimmering altar of Xom.
 49930 | Zot:2    | Noticed Sackuas's ghost (veteran OnBe)
 49940 | Zot:2    | Killed Sackuas's ghost
 50015 | Zot:2    | XOM: god gift: +4 ring of protection
 50541 | Depths:4 | XOM: give mutations
 50541 | Depths:4 | Gained mutation: Your spells are a little harder to cast,
                  | but a little more powerful. [Xom's grace]
 50541 | Depths:4 | Gained mutation: You have hidden genetic potential. [Xom's
                  | grace]
 50541 | Depths:4 | Gained mutation: You are mostly covered in iridescent
                  | scales. (AC +4) [Xom's grace]
 50541 | Depths:4 | Gained mutation: You have a pair of small antennae on your
                  | head. [Xom's grace]
 50629 | Pan      | Entered Pandemonium
 50653 | Pan      | Gained mutation: Your body often deteriorates upon taking
                  | damage. [a neqoxec]
 50703 | Pan      | Noticed Mennas
 50715 | Pan      | Mennas changed into Mennas the pearl dragon
 50715 | Pan      | Noticed Mennas
 50715 | Pan      | XOM: polymorph Mennas -> Mennas the pearl dragon
 50715 | Pan      | Killed Mennas the pearl dragon
 50735 | Pan      | XOM: give mutations
 50735 | Pan      | Gained mutation: You are agile. (Dex +4, Str/Int -1) [Xom's
                  | grace]
 50735 | Pan      | Gained mutation: You have a pair of antennae on your head.
                  | [Xom's grace]
 50735 | Pan      | Gained mutation: You have large cloven feet. [Xom's grace]
 50735 | Pan      | Gained mutation: You are completely covered in iridescent
                  | scales. (AC +6) [Xom's grace]
 50792 | Pan      | XOM: god gift: scroll of silence
 50933 | Pan      | Reached skill level 27 in Air Magic
 51034 | Pan      | Identified the +9 short sword of the Tortured God {freeze,
                  | rN+ Int+2}
 51068 | Pan      | Noticed Lism the pandemonium lord
 51070 | Pan      | Killed Lism the pandemonium lord
 51082 | Pan      | Got a demonic rune of Zot
 51149 | Pan      | Entered the realm of Cerebov.
 51368 | Pan      | Identified the +6 chain mail of the Exiled Beggars {-Tele
                  | Str+2 SInv}
 51370 | Pan      | Got the Secrets of the Liminal Mirage
 51391 | Pan      | Learned a level 2 spell: Blink
 51452 | Pan      | Identified the +5 executioner's axe of Zunnuep {flame, Fly
                  | rPois rC++ Str-2}
 51482 | Pan      | XOM: 3-stop teleportation journey
 51538 | Pan      | Found the +6 sword of Cerebov {flame}
 51538 | Pan      | Noticed Cerebov
 51552 | Pan      | Killed Cerebov
 51574 | Pan      | XOM: god gift: wand of flame (2)
 51587 | Pan      | XOM: cloud trail
 51738 | Pan      | Identified the staff of Gozag, Sheltering {rF+ Int+10 Summ
                  | Fire}
 51744 | Pan      | Identified the staff "Wuycsyoc" {rPois rF+ Tloc Alchemy}
 51782 | Pan      | Got a fiery rune of Zot
 51871 | Pan      | Identified the amulet of Equivalence {rElec Regen+ Str+3}
 52085 | Pan      | XOM: cast spell 'Summon Horrible Things'
 52101 | Pan      | XOM: smoke on damage
 52224 | Pan      | Noticed Fairuira the pandemonium lord
 52227 | Pan      | Killed Fairuira the pandemonium lord
 52363 | Pan      | XOM: divination: magic mapping
 52365 | Pan      | XOM: confuse monster(s)
 52371 | Pan      | Gained mutation: Your flesh is cold resistant. (rC+)
                  | [hidden potential]
 52590 | Pan      | XOM: scenery: create altars
 52708 | Pan      | Found a white marble altar of Elyvilon.
 52710 | Pan      | Reached skill level 27 in Spellcasting
 52798 | Pan      | Entered the realm of Gloorx Vloq.
 52839 | Pan      | Noticed Gloorx Vloq
 52846 | Pan      | Killed Gloorx Vloq
 52923 | Pan      | Reached skill level 27 in Conjurations
 52931 | Pan      | Got a dark rune of Zot
 53095 | Pan      | Entered the realm of Mnoleg.
 53135 | Pan      | Found an exit through the horrors of the Abyss.
 53187 | Pan      | XOM: give mutations
 53187 | Pan      | Lost mutation: You are resistant to electric shocks.
                  | (rElec) [Xom's mischief]
 53187 | Pan      | Lost mutation: Your movements are slightly less encumbered
                  | by armour. (ER -2) [Xom's mischief]
 53187 | Pan      | Lost mutation: You are agile. (Dex +4, Str/Int -1) [Xom's
                  | mischief]
 53187 | Pan      | Lost mutation: You have hidden genetic potential. [Xom's
                  | mischief]
 53200 | Pan      | XOM: 2-stop teleportation journey
 53235 | Pan      | Gained mutation: You are occasionally teleported next to
                  | monsters. [a cacodemon]
 53262 | Pan      | Lost mutation: You are strong-willed. (Will+) [potion of
                  | mutation]
 53262 | Pan      | Lost mutation: Your body often deteriorates upon taking
                  | damage. [potion of mutation]
 53262 | Pan      | Lost mutation: You are weak. (Str -2) [potion of mutation]
 53262 | Pan      | Lost mutation: You are completely covered in iridescent
                  | scales. (AC +6) [potion of mutation]
 53263 | Pan      | Lost mutation: You are occasionally teleported next to
                  | monsters. [potion of mutation]
 53263 | Pan      | Lost mutation: Your body sometimes deteriorates upon taking
                  | damage. [potion of mutation]
 53263 | Pan      | Lost mutation: You are mostly covered in iridescent scales.
                  | (AC +4) [potion of mutation]
 53264 | Pan      | Gained mutation: You are frail. (-10% HP) [a cacodemon]
 53267 | Pan      | Reached skill level 5 in Armour
 53300 | Pan      | Noticed Mnoleg
 53314 | Pan      | Killed Mnoleg
 53316 | Pan      | Reached skill level 5 in Stealth
 53348 | Pan      | XOM: swap monsters
 53404 | Pan      | Got a glowing rune of Zot
 53484 | Pan      | Noticed Ylineyn the pandemonium lord
 53489 | Pan      | Killed Ylineyn the pandemonium lord
 53490 | Pan      | XOM: blink monster(s)
 53497 | Pan      | XOM: give mutations
 53497 | Pan      | Lost mutation: You expend magic power (3 MP) to strengthen
                  | your wands. [Xom's mischief]
 53497 | Pan      | Lost mutation: You sometimes lose the ability to read
                  | scrolls when taking damage. [Xom's mischief]
 53497 | Pan      | Lost mutation: You are frail. (-10% HP) [Xom's mischief]
 53500 | Pan      | Reached skill level 10 in Fighting
 53651 | Pan      | XOM: butterfly on damage
 53674 | Pan      | Found an exit through the horrors of the Abyss.
 53738 | Pan      | Gained mutation: You sometimes lose the ability to read
                  | scrolls when taking damage. [a neqoxec]
 53808 | Pan      | XOM: stat loss: -1 Dex (20/21)
 54020 | Pan      | XOM: chaos upgrade
 54100 | Pan      | Entered the realm of Lom Lobon.
 54149 | Pan      | XOM: summons friendly iron imp
 54338 | Pan      | Found an exit through the horrors of the Abyss.
 54349 | Pan      | XOM: summons friendly ufetubus
 54415 | Pan      | Noticed Lom Lobon
 54415 | Pan      | XOM: 4-stop teleportation journey
 54517 | Pan      | XOM: swap monsters
 54523 | Pan      | Killed Lom Lobon
 54529 | Pan      | Got a magical rune of Zot
 54557 | Pan      | XOM: god gift: book of Callings
 54573 | Pan      | Gained mutation: You are clumsy. (Dex -2) [mutagenic glow]
 54580 | Pan      | XOM: polymorph hellwing -> hellwing
 54620 | Pan      | XOM: give mutations
 54620 | Pan      | Gained mutation: Your muscles are strong. (Str +4, Int/Dex
                  | -1) [Xom's grace]
 54620 | Pan      | Gained mutation: You are mostly covered in iridescent
                  | scales. (AC +4) [Xom's grace]
 54620 | Pan      | Gained mutation: Your natural rate of healing is unusually
                  | fast. [Xom's grace]
 54620 | Pan      | Gained mutation: You are strong-willed. (Will+) [Xom's
                  | grace]
 54626 | Pan      | XOM: god gift: 502 gold pieces
 54664 | Pan      | Took an exit into the Abyss.
 54664 | Abyss:3  | Escaped into the Abyss
 54675 | Depths:1 | Escaped the Abyss
 54691 | Depths:1 | XOM: cloud trail
 55044 | Depths:1 | Reached skill level 1 in Shapeshifting
 55105 | Coc:1    | XOM: stealth player
 55105 | Coc:1    | Entered Level 1 of Cocytus
 55243 | Coc:2    | Reached skill level 5 in Shapeshifting
 55296 | Coc:2    | XOM: give mutation
 55296 | Coc:2    | Gained mutation: You have a pair of large antennae on your
                  | head. (SInv) [Xom's grace]
 55317 | Coc:2    | XOM: god gift: 11 gold pieces
 55481 | Coc:4    | XOM: smoke on damage
 55543 | Coc:4    | XOM: god gift: ring of protection from cold
 55545 | Coc:4    | XOM: give mutations
 55545 | Coc:4    | Gained mutation: Your flesh is very heat resistant. (rF++)
                  | [Xom's grace]
 55545 | Coc:4    | Lost mutation: You have large cloven feet. [Xom's grace]
 55545 | Coc:4    | Gained mutation: You have sharp toenails. [Xom's grace]
 55628 | Coc:5    | Paralysed by a wendigo for 1 turns
 55792 | Coc:6    | XOM: confuse monster(s)
 55820 | Coc:6    | Reached skill level 10 in Shapeshifting
 56074 | Coc:6    | XOM: 2-stop teleportation journey
 56143 | Coc:7    | Entered Level 7 of Cocytus
 56152 | Coc:7    | Paralysed by a wendigo for 1 turns
 56345 | Coc:7    | XOM: summons friendly ufetubus
 56456 | Coc:7    | Noticed Antaeus
 56462 | Coc:7    | XOM: scenery: summon butterflies
 56463 | Coc:7    | XOM: summons friendly hellwing
 56472 | Coc:7    | Killed Antaeus
 56473 | Coc:7    | Reached skill level 15 in Shapeshifting
 56519 | Coc:7    | Got an icy rune of Zot
 56631 | Coc:7    | XOM: give mutations
 56631 | Coc:7    | Gained mutation: You are highly strong-willed. (Will++)
                  | [Xom's grace]
 56631 | Coc:7    | Gained mutation: Your muscles are very strong. (Str +8,
                  | Int/Dex -2) [Xom's grace]
 56631 | Coc:7    | Gained mutation: You have razor-sharp toenails. [Xom's
                  | grace]
 56631 | Coc:7    | Gained mutation: You expend magic power (3 MP) to
                  | strengthen your wands. [Xom's grace]
 56714 | Coc:7    | XOM: enchant monster (good)
 56801 | Coc:7    | Identified the +0 buckler "Hanupn" {rC+ Str-3 Dex+4 Slay+3}
 56805 | Coc:7    | Identified the +1 sling of Tixtoun {elec, rElec rF+}
 56868 | Coc:7    | XOM: god gift: +5 lajatang of chaos
 56962 | Geh:1    | Entered Level 1 of Gehenna
 57108 | Geh:2    | Noticed an ancient lich
 57114 | Geh:2    | Killed an ancient lich
 57520 | Geh:5    | Lost mutation: You occasionally lose the ability to drink
                  | potions when taking damage. [mutagenic glow]
 57619 | Geh:5    | XOM: noise
 57749 | Geh:6    | XOM: noise
 57781 | Geh:6    | XOM: butterfly on damage
 57871 | Geh:7    | Entered Level 7 of Gehenna
 58280 | Geh:7    | Found the +13 sceptre of Asmodeus
 58280 | Geh:7    | Identified the ring of Cuqoun {Ice rPois Int+2 Dex+2}
 58280 | Geh:7    | Noticed Asmodeus
 58282 | Geh:7    | Killed Asmodeus
 58300 | Geh:7    | Got an obsidian rune of Zot
 58795 | Dis:1    | Entered Level 1 of the Iron City of Dis
 58892 | Dis:2    | XOM: cast spell 'Summon Mana Viper'
 58894 | Dis:2    | Noticed a royal mummy
 58897 | Dis:2    | Killed a royal mummy
 58899 | Dis:2    | Noticed a royal mummy
 58899 | Dis:2    | Noticed a royal mummy
 58904 | Dis:2    | Noticed an ancient lich
 58918 | Dis:2    | Killed a royal mummy
 58919 | Dis:2    | Killed an ancient lich
 58922 | Dis:2    | XOM: confuse monster(s)
 58945 | Dis:2    | Noticed a royal mummy
 58950 | Dis:2    | Killed a royal mummy
 58951 | Dis:2    | Noticed an ancient lich
 58955 | Dis:2    | Killed a royal mummy
 58955 | Dis:2    | Killed an ancient lich
 58956 | Dis:2    | XOM: cloud trail
 59585 | Dis:5    | XOM: cast spell 'Monstrous Menagerie'
 59764 | Dis:5    | XOM: cloud trail
 59849 | Dis:6    | XOM: blink monster(s)
 59896 | Dis:6    | XOM: fake destruction
 59956 | Dis:6    | XOM: fog
 59972 | Dis:6    | XOM: scenery: 5 doors close
 59991 | Dis:6    | XOM: god gift: 15 gold pieces
 60042 | Dis:7    | Entered Level 7 of the Iron City of Dis
 60193 | Dis:7    | XOM: scenery: create altars
 60539 | Dis:7    | Noticed a juggernaut
 60543 | Dis:7    | Killed a juggernaut
 60588 | Dis:7    | Identified the +10 hand axe "Grum" {flame, ^Fragile Dex+5
                  | SInv}
 60598 | Dis:7    | Identified the +7 glaive of the Nexus {elec, Dex+2}
 60606 | Dis:7    | Identified the +4 ring mail "Viget" {Dex+4}
 60609 | Dis:7    | Identified the +8 mace of Contention {venom, rCorr MP+9}
 60790 | Dis:7    | XOM: scenery: 3 doors close
 60810 | Dis:7    | XOM: fake destruction
 60815 | Dis:7    | XOM: fog
 61091 | Dis:7    | Reached skill level 15 in Fighting
 61532 | Dis:7    | Noticed the Serpent of Hell
 61533 | Dis:7    | XOM: divination: detect creatures
 61536 | Dis:7    | Killed the Serpent of Hell
 61566 | Dis:7    | Noticed a juggernaut
 61568 | Dis:7    | Killed a juggernaut
 61685 | Dis:7    | Noticed Dispater
 61688 | Dis:7    | Killed Dispater
 61734 | Dis:7    | Got an iron rune of Zot
 61735 | Dis:7    | Identified the ring "Opoavu Woku" {^Contam rF+ Dex+6 SInv
                  | Stlth+}
 61740 | Dis:7    | Identified the +0 quarterstaff "Hizua" {holy, ^Fragile Fly
                  | rElec Will+++}
 61803 | Dis:7    | XOM: scenery: 3 doors close
 61908 | Hell     | Upgraded the game from 0.32-a0-306-gfed3edf829 to
                  | 0.32-a0-314-g526f7d4993
 61955 | Hell     | XOM: god gift: potion of heal wounds
 61969 | Tar:1    | Entered Level 1 of Tartarus
 62203 | Tar:2    | XOM: divination: magic mapping
 62279 | Tar:2    | XOM: 3-stop teleportation journey
 62415 | Tar:3    | XOM: fog
 62477 | Tar:3    | XOM: enchant monster (good)
 62497 | Tar:3    | XOM: summons 9 friendly demons
 62736 | Tar:3    | XOM: scenery: create altars
 63251 | Tar:5    | XOM: summons 2 friendly demons
 63266 | Tar:5    | Noticed a dread lich
 63268 | Tar:5    | Killed a dread lich
 63542 | Tar:7    | Entered Level 7 of Tartarus
 63691 | Tar:7    | Found the +3 greatsling "Punk" {acid, rCorr}
 63691 | Tar:7    | Noticed a dread lich
 63693 | Tar:7    | XOM: polymorph Tzitzimitl -> Brimstone Fiend
 63693 | Tar:7    | Noticed an ancient lich
 63694 | Tar:7    | Killed a dread lich
 63694 | Tar:7    | Noticed a dread lich
 63697 | Tar:7    | Killed an ancient lich
 63698 | Tar:7    | Killed a dread lich
 63708 | Tar:7    | Identified the +9 short sword of Ipyd {vamp, ^Contam rCorr
                  | Dex+3}
 63710 | Tar:7    | Identified the +1 pair of gloves "Offif" {Str+3 Stlth+}
 63713 | Tar:7    | Identified the amulet "Neack" {Spirit ^Contam Int+3 Stlth+}
 63717 | Tar:7    | Identified the staff "Jellybane" {rElec rPois Will+
                  | Alchemy}
 63826 | Tar:7    | XOM: divination: detect creatures
 63876 | Tar:7    | Reached skill level 10 in Staves
 63977 | Tar:7    | Noticed Ereshkigal
 63980 | Tar:7    | Killed Ereshkigal
 64018 | Tar:7    | Got a bone rune of Zot
 64101 | Tar:7    | Noticed a dread lich
 64104 | Tar:7    | Killed a dread lich
 64162 | Tar:7    | XOM: summons 7 hostile demons
 64179 | Tar:7    | Identified the death talisman of Discretion {rF+ Dex+3}
 64192 | Tar:7    | Identified the +2 pair of gloves of Bitterness {+Inv}
 64207 | Tar:7    | Identified the +0 robe of Dishonesty {rN+ Dex+7}
 64414 | Tar:7    | Found the +5 robe of Night {Dark Will+ SInv}
 64546 | Tar:7    | Identified the +5 flail "Cuizae Kuthru" {freeze, Will+
                  | Int+4 Dex-3}
 64552 | Tar:7    | Identified the +6 shortbow "Qeaplejo" {heavy, ^Fragile
                  | rElec MP+9 Str+6}
 64555 | Tar:7    | Identified the ring "Ruaneqe" {rN+ rCorr Str+2}
 64916 | Tomb:1   | Entered Level 1 of the Tomb of the Ancients
 64916 | Tomb:1   | Noticed Khufu
 64916 | Tomb:1   | Noticed a royal mummy
 64929 | Tomb:1   | Killed Khufu
 64931 | Tomb:1   | Killed a royal mummy
 65033 | Tomb:1   | XOM: scenery: summon butterflies
 65127 | Tomb:1   | Noticed a royal mummy
 65131 | Tomb:1   | Killed a royal mummy
 65195 | Tomb:1   | XOM: smoke on damage
 65219 | Tomb:1   | Noticed a royal mummy
 65219 | Tomb:1   | XOM: 1-stop teleportation journey
 65224 | Tomb:1   | Killed a royal mummy
 65236 | Tomb:1   | Noticed a royal mummy
 65236 | Tomb:1   | Noticed a royal mummy
 65236 | Tomb:1   | Noticed a royal mummy
 65236 | Tomb:1   | XOM: 1-stop teleportation journey
 65239 | Tomb:1   | Killed a royal mummy
 65239 | Tomb:1   | Killed a royal mummy
 65240 | Tomb:1   | Killed a royal mummy
 65243 | Tomb:1   | Noticed a royal mummy
 65245 | Tomb:1   | Killed a royal mummy
 65248 | Tomb:1   | Noticed a royal mummy
 65253 | Tomb:1   | Killed a royal mummy
 65253 | Tomb:1   | Noticed a royal mummy
 65255 | Tomb:1   | Noticed a royal mummy
 65258 | Tomb:1   | Killed a royal mummy
 65262 | Tomb:1   | Noticed a royal mummy
 65263 | Tomb:1   | Killed a royal mummy
 65263 | Tomb:1   | Noticed a royal mummy
 65273 | Tomb:1   | Noticed a royal mummy
 65274 | Tomb:1   | XOM: noise
 65276 | Tomb:1   | XOM: 3-stop teleportation journey
 65357 | Tomb:1   | Identified the +8 trident of Blood-Lust {vamp, *Noise rF+
                  | Int+3}
 65383 | Tomb:1   | Noticed a royal mummy
 65386 | Tomb:1   | Killed a royal mummy
 65389 | Tomb:1   | XOM: chaos cloud
 65473 | Tomb:2   | Noticed a royal mummy
 65473 | Tomb:2   | Noticed a royal mummy
 65473 | Tomb:2   | Noticed a royal mummy
 65473 | Tomb:2   | Noticed a royal mummy
 65476 | Tomb:2   | Killed a royal mummy
 65481 | Tomb:2   | Noticed a royal mummy
 65482 | Tomb:2   | Killed a royal mummy
 65484 | Tomb:2   | Killed a royal mummy
 65485 | Tomb:2   | Killed a royal mummy
 65489 | Tomb:2   | Killed a royal mummy
 65552 | Tomb:1   | Noticed a royal mummy
 65557 | Tomb:1   | Killed a royal mummy
 65604 | Tomb:1   | Killed a royal mummy
 65654 | Tomb:1   | Noticed a royal mummy
 65657 | Tomb:1   | Killed a royal mummy
 65661 | Tomb:1   | Killed a royal mummy
 65673 | Tomb:1   | Noticed a royal mummy
 65683 | Tomb:1   | Killed a royal mummy
 65689 | Tomb:1   | Noticed a royal mummy
 65694 | Tomb:1   | Killed a royal mummy
 65723 | Tomb:1   | XOM: potion effect (brilliance)
 65724 | Tomb:1   | Killed a royal mummy
 65734 | Tomb:1   | Noticed a royal mummy
 65738 | Tomb:1   | Killed a royal mummy
 65757 | Tomb:1   | Noticed a royal mummy
 65761 | Tomb:1   | Killed a royal mummy
 65766 | Tomb:1   | Noticed a royal mummy
 65768 | Tomb:1   | Killed a royal mummy
 65926 | Tomb:3   | XOM: stealth player
 65926 | Tomb:3   | Entered Level 3 of the Tomb of the Ancients
 65938 | Tomb:3   | Noticed a royal mummy
 65940 | Tomb:3   | Killed a royal mummy
 65947 | Tomb:3   | Noticed a royal mummy
 65950 | Tomb:3   | Killed a royal mummy
 65950 | Tomb:3   | Noticed a royal mummy
 65950 | Tomb:3   | Noticed a royal mummy
 65953 | Tomb:3   | XOM: cast spell 'Summon Small Mammal'
 65955 | Tomb:3   | Killed a royal mummy
 65957 | Tomb:3   | Killed a royal mummy
 65969 | Tomb:3   | Noticed a royal mummy
 65972 | Tomb:3   | Killed a royal mummy
 65973 | Tomb:3   | Noticed a royal mummy
 65976 | Tomb:3   | Killed a royal mummy
 65983 | Tomb:3   | Reached skill level 27 in Dodging
 65986 | Tomb:3   | Noticed a royal mummy
 65991 | Tomb:3   | Killed a royal mummy
 66029 | Tomb:3   | XOM: divination: detect items
 66049 | Tomb:3   | Noticed a royal mummy
 66053 | Tomb:3   | Killed a royal mummy
 66081 | Tomb:3   | Got a sanguine gem with 579 turns to spare
 66088 | Tomb:3   | Noticed a royal mummy
 66091 | Tomb:3   | Killed a royal mummy
 66099 | Tomb:3   | Got a golden rune of Zot
 66206 | Tomb:3   | Found the +16 obsidian axe {drain, demonic, Mesm ^Drain Fly
                  | SInv}
 66210 | Tomb:3   | Found the +2 hood of the Assassin {Detect Stab+ Stlth++}
 66255 | Tomb:3   | Identified the staff of Armageddon {Int+2 Stlth+ Conj}
 66283 | Tomb:3   | Identified the +8 rapier of a Labyrinth {speed, Str+3}
 66298 | Tomb:3   | Identified the +8 dagger "Sujilupn" {antimagic, rF+}
 66685 | Crypt:1  | XOM: cloud trail
 67037 | Zot:5    | XOM: scenery: create altars
 67078 | Zot:5    | Got the Orb of Zot
 67371 | D:14     | Noticed Imatazomm the pandemonium lord
 67373 | D:14     | Killed Imatazomm the pandemonium lord
 67415 | D:11     | Noticed Dih Qiu the pandemonium lord
 67420 | D:11     | Killed Dih Qiu the pandemonium lord
 67681 | D:$      | Escaped with the Orb!

Illustrated notes

Levels and vault maps discovered:
D:1:      dpeg_arrival_oval, layout_rooms, kennysheep_boxes
D:2:      minmay_alternating_diamond, layout_basic
D:3:      layout_basic
D:4:      layout_cave_pools, xom_teletrap_fun, nicolae_ossuary_entry_monument,
          serial_park, serial_park_square3 [serial_park_minivault_5x5_8],
          serial_park_square2, serial_park_tiny_pond, serial_park_tiny_pond,
          minmay_between
D:5:      layout_loops_corners
D:6:      layout_basic
D:7:      layout_rooms, lemuel_coloured_pillars_altar,
          minmay_overflow_temple_star_quad, mainiacjoe_overflow_chevrons,
          minmay_temple_entry_gardened_gates
D:8:      layout_basic, grunt_temple_overflow_holy_war, uniq_erica, uniq_pikel,
          uniq_maurice
D:9:      layout_basic, evilmike_ruin_ashenzari, minmay_lair_entry_grove,
          kennysheep_decorative_pillar, st_stairs_9
D:10:     minmay_polygon_palace, layout_stronghold,
          fedhas_bush_and_centaur_altar, serial_shops, nicolae_shop_stone,
          serial_demonic, serial_demonic_g, serial_demonic_e, serial_demonic_d,
          serial_demonic_d, serial_demonic_b, serial_demonic_d, uniq_grum
D:11:     minmay_opposing_rooms, layout_stronghold, gauntlet_entry_generic,
          serial_undead, serial_undead_c, serial_undead_e, serial_undead_c,
          serial_undead_a, serial_undead_f, serial_undead_b,
          nicolae_tso_swordbearing_angel
D:12:     layout_gridville, orc_david_3, uniq_snorg
D:13:     lemuel_traditional_vault, layout_layer_cave, uniq_kirke
D:14:     layout_long_grid, david_vaults_3, serial_library_hellmonk_big_corner
D:15:     grunt_enter_depths_snipers, layout_basic, minmay_crystal_water,
          ebering_ghost_xom, uniq_jorgrun
Temple:   nicolae_temple_slightly_damp_pantheon
Lair:1:   layout_loops_ring
Lair:2:   layout_regular_city, infiniplex_staircase_pool_2, uniq_harold
Lair:3:   layout_gridlike, nicolae_shoals_entry_flooding, dummy_spider_entry,
          gammafunk_ghost_icy
Lair:4:   layout_roguey, slime_entry_1, nicolae_volcano_entry_s_turn
Lair:5:   evilmike_catoblepas_cave, layout_misc_corridors
Shoals:1: layout_shoals, nicolae_shoals_lost_giant_hut,
          nicolae_shoals_drake_roost
Shoals:2: layout_shoals, uniq_ilsuiw
Shoals:3: argonaut_golden_fleece, layout_shoals, nicolae_shoals_mertower
Shoals:4: shoals_end_grunt_ice, layout_shoals, lightli_airlock
Spider:1: mumra_spider_spiderweb, portal_ice_cave_entry_frozen_things
Spider:2: layout_spider_delve, drop_trap, uniq_nikola, uniq_asterion
Spider:3: layout_spider_delve, nicolae_spider_bug_shape
Spider:4: hellmonk_spider_rune_bug_friends, nicolae_spider_checkerboard,
          uniq_arachne, uniq_roxanne
Slime:1:  layout_caves
Slime:2:  layout_caves
Slime:3:  layout_caves, nicolae_slime_getting_an_eyeful
Slime:4:  layout_caves, cheibrodos_slime_lost_civilization_6
Slime:5:  slime_pit_nicolae_trefoil, uniq_dissolution
Orc:1:    layout_caves, serial_shops, nicolae_square_shop, uniq_sonja
Orc:2:    grunt_orc_cross, layout_diamond_mine, uniq_donald
Elf:1:    layout_gridlike, nicolae_elf_shapeshifter_party
Elf:2:    elven_hall_of_blades_hangedman_original
          [nicolae_blade_entry_splitting_headache], layout_loops_cross,
          gammafunk_ghost_wrathful_warriors, serial_shops, nicolae_shop_crystal,
          nicolae_alphabet_shops, nicolae_elf_variegated_diamond
Elf:3:    elf_hall_gauntlet_narrow, layout_onion_city, nrook_uturn,
          roderic_three_in_a_row, serial_library_hellmonk_angled_corner
Vaults:1: nicolae_vaults_two_Ls, vaults_room_door_hall,
          nicolae_vaults_mini_display_case, nicolae_vaults_tetromino_Z_1,
          vaults_room_glass_cross, vaults_dpeg_encased_lava,
          nicolae_vaults_octothorpe, layout_vaults_big_room, serial_shops, shop
Vaults:2: nicolae_vaults_network_s, minmay_crypt_entry_nasty_monster,
          nicolae_vaults_wine_cellar, v_misc_26, hangedman_vaults_hat,
          nicolae_vaults_big_ls, hangedman_vaults_stream,
          ontoclasm_vaults_ring_small, nicolae_vaults_octothorpe,
          nicolae_vaults_little_squares_2, st_cells,
          nicolae_vaults_trapezoid_lopsided_1, v_alt_pattern_4,
          layout_vaults_omnibox
Vaults:3: ontoclasm_vaults_gateway, nicolae_vaults_ellipses_ellipsis,
          nicolae_vaults_triangles, st_check, vaults_mumra_minichess_inversion,
          nicolae_vaults_closet_pinwheel_2, nicolae_vaults_sesquioval_fish,
          v_alt_pattern_5, nicolae_vaults_tetromino_Z_1,
          layout_vaults_big_cross, uniq_margery, uniq_mara
Vaults:4: nicolae_vaults_little_squares_1, hangedman_vaults_corner_blocks,
          hangedman_vaults_trim, nicolae_vaults_weapon_check, minmay_orc_keep,
          vaults_mumra_hex, nicolae_vaults_storage_room_statues,
          nicolae_vaults_storage_room_doors, vaults_room_boxed,
          tekkud_shop_of_orbs, hangedman_vaults_corner,
          nicolae_vaults_diamond_1, layout_vaults_ring, serial_shops, shop,
          shop_fountains, nicolae_shop_industrial_runoff, shop,
          nicolae_shop_temple_entry_statues_fountains, uniq_frederick
Vaults:5
Crypt:1:  layout_rooms, special_room [special_room_morgue],
          grunt_crypt_arrival_split, grunt_megastairs_2, uniq_sojobo,
          uniq_josephina
Crypt:2:  layout_chaotic_city, roderic_lattice_octagonal_star, lemuel_elevator,
          lemuel_upstairs_altar
Crypt:3:  cryptofortress_bobbens, uniq_boris, uniq_bai_suzhen, uniq_xtahua
Tomb:1:   uniq_khufu
Tomb:2
Tomb:3
Depths:1: layout_gridville, enter_ziggurat_f, ebering_ghost_reflecting_pool,
          hell_entry, nicolae_zig_zag_zippers, grunt_pan_entry_zigzag,
          kennysheep_doodads, minmay_variable_closet, minivault_16,
          minmay_hollow_rounded_squares
Depths:2: evilmike_wizard_prison, layout_twisted_cross, pan_entry, hellmouth_3,
          ebering_ghost_inner_flame, trove_entry_hex_spiral, chequers_big_river,
          serial_bayou_shore_b, infiniplex_staircase_river
Depths:3: hangedman_arch_fort, layout_gridlike, minmay_room_of_horrors,
          pf_hell_entry_tar_river, hangedman_decor_opposing,
          minmay_staircase_windowed_large, minmay_shop_star
Depths:4: grunt_zot_entry_bicorn, layout_basic, patterned_corridor, hellmouth_1,
          abyss_entry_crystal, serial_shops, statue_bzr
Hell
Dis:1:    layout_gridville
Dis:2:    layout_regular_city, lemuel_mystery_crypt
Dis:3:    layout_subdivisions
Dis:4:    layout_jigsaw, nicolae_dis_scattering
Dis:5:    layout_subdivisions, nicolae_dis_spooky_hallway
Dis:6:    layout_subdivisions, lemuel_dis_dragons
Dis:7:    dis_st
Geh:1:    layout_gehenna_lava_caves
Geh:2:    layout_gehenna_pools_box
Geh:3:    nicolae_geh_lava_swirls, layout_gehenna_lava_caves
Geh:4:    layout_gehenna_pools_triple
Geh:5:    nicolae_geh_split_lavaduct, layout_gehenna_lava_caves
Geh:6:    layout_gehenna_pools_triple
Geh:7:    geh_grunt_pentagon
Coc:1:    layout_cocytus_delve
Coc:2:    layout_cocytus_delve
Coc:3:    layout_cocytus_delve
Coc:4:    layout_cocytus_delve
Coc:5:    layout_cocytus_delve
Coc:6:    nicolae_coc_city_of_iceburg
Coc:7:    coc_grunt
Tar:1:    layout_honeycomb
Tar:2:    layout_honeycomb
Tar:3:    minmay_shadows, layout_catacombs
Tar:4:    layout_catacombs
Tar:5:    layout_grid_maze, nicolae_tar_grid_combs
Tar:6:    layout_grid_maze, nicolae_tar_cuneiform_bread
Tar:7:    tar_old
Zot:1:    lemuel_halls_of_wrath, layout_gridlike
Zot:2:    layout_concentric_octagons, regret_index_zotdec_iron_s,
          ebering_ghost_xom, grunt_ministairs_3, nicolae_transporter_circle
Zot:3:    layout_basic, regret_index_zotdec_decaying_vile, grunt_megastairs_5
Zot:4:    cheibrodos_frozen_isle, layout_gridlike
Zot:5:    layout_gridlike, lemuel_lake_of_fire

Skill      XL: |  1  2  3  4  5  6  7  8  9 10 11 12 13 14 15 16 17 18 19 20 21 22 23 24 25 26 27 |
---------------+----------------------------------------------------------------------------------+-----
Spellcasting   | 3 4 5 6 7 8 10 12 13 15 16 17 19 20 21 22 23 27 | 27.0
Conjurations   | 5 6 7 9 10 11 12 13 14 15 16 17 19 20 21 22 27 | 27.0
Alchemy        | 2 3 5 7 |  7.0
Translocations | 2 3 |  3.0
Fighting       | 1 3 4 5 6 18 | 18.0
Dodging        | 3 5 7 9 10 12 27 | 27.0
Armour         | 1 2 3 4 6 |  6.0
Stealth        | 3 5 |  5.0
Staves         | 2 4 6 10 | 10.7
Evocations     | 3 |  3.0
Air Magic      | 4 7 9 11 13 14 15 16 18 19 20 21 22 23 27 | 27.0
Fire Magic     | 7 11 13 14 26 | 26.0
Necromancy     | 3 |  3.0
Shields        | 1 6 9 10 | 10.0
Shapeshifting  | 23 | 23.0

Action                     |  1- 3 |  4- 6 |  7- 9 | 10-12 | 13-15 | 16-18 | 19-21 | 22-24 | 25-27 || total
---------------------------+-------+-------+-------+-------+-------+-------+-------+-------+-------++-------
  Melee: Dagger            |     5 |       |       |     4 |       |       |       |       |       ||     9
         Short sword       |     4 |    16 |    58 |       |       |       |       |       |       ||    78
         Staff             |       |       |       |    44 |    33 |    87 |    96 |    32 |   158 ||   450
         Kick              |       |       |       |    15 |    11 |       |       |       |       ||    26
  Throw: Throwing net      |       |       |     2 |     2 |     3 |       |       |       |       ||     7
         Dart              |       |       |     1 |       |       |       |       |       |       ||     1
   Cast: Magic Dart        |    31 |     5 |     1 |     2 |       |       |       |       |       ||    39
         Searing Ray       |     9 |    38 |    60 |    45 |     6 |     6 |       |       |       ||   164
         Olgreb's Toxic Ra |       |       |    23 |    70 |    43 |   107 |   166 |     3 |       ||   412
         Fulminant Prism   |       |       |     8 |    30 |    26 |    87 |   116 |    16 |    29 ||   312
         Iskenderun's Myst |       |       |       |    13 |    11 |    16 |    27 |     7 |     5 ||    79
         Arcjolt           |       |       |       |     2 |    25 |    61 |    49 |    28 |    21 ||   186
         Plasma Beam       |       |       |       |       |     2 |   200 |   261 |   295 |  1095 ||  1853
         Starburst         |       |       |       |       |       |    61 |   110 |    73 |    57 ||   301
         Sublimation of Bl |       |       |       |       |       |   197 |   279 |   121 |   318 ||   915
         Irradiate         |       |       |       |       |       |    47 |    49 |    26 |    47 ||   169
         Maxwell's Capacit |       |       |       |       |       |       |     2 |     8 |    96 ||   106
         Conjure Ball Ligh |       |       |       |       |       |       |       |    52 |    13 ||    65
         Chain Lightning   |       |       |       |       |       |       |       |    12 |  1354 ||  1366
         Orb of Destructio |       |       |       |       |       |       |       |       |    55 ||    55
         Ignition          |       |       |       |       |       |       |       |       |    35 ||    35
         Vhi's Electric Ch |       |       |       |       |       |       |       |       |     7 ||     7
         Blink             |       |       |       |       |       |       |       |       |     3 ||     3
Ability: Siphon Essence    |       |       |       |       |       |       |       |       |     1 ||     1
  Evoke: Wand              |       |       |     7 |     5 |    10 |    24 |    13 |       |    30 ||    89
         Tin of tremorston |       |       |       |       |       |     2 |     1 |     2 |     4 ||     9
         Box of beasts     |       |       |       |       |       |     1 |       |       |       ||     1
         Phial of floods   |       |       |       |       |       |       |     2 |     1 |     1 ||     4
         Lightning rod     |       |       |       |       |       |       |       |       |    11 ||    11
    Use: Scroll            |       |     1 |     7 |     4 |     6 |    16 |    13 |     5 |    28 ||    80
         Potion            |       |       |       |       |     3 |     3 |     3 |     9 |    38 ||    56
   Stab: Sleeping          |     2 |       |       |       |       |       |       |       |     2 ||     4
         Paralysed         |       |       |       |     4 |       |       |     6 |       |       ||    10
         Distracted        |       |       |       |       |       |       |     1 |     1 |     3 ||     5
         Confused          |       |       |       |       |       |       |     1 |       |       ||     1
 Armour: Robe              |     6 |    25 |    80 |   116 |    66 |   221 |   250 |    12 |       ||   776
         Leather armour    |       |       |       |       |       |       |       |   192 |   888 ||  1080
  Dodge: Dodged            |     8 |    31 |    83 |   110 |    48 |   204 |   173 |    59 |   483 ||  1199
  Block: Kite shield       |       |       |       |       |       |    23 |   204 |    82 |       ||   309
         Reflection        |       |       |       |       |       |    10 |    25 |    26 |       ||    61
   Form: Death             |       |       |       |       |       |       |       |       |    20 ||    20
                           |       |       |       |       |       |       |       |       |    19 ||    19

Table legend: (Time is in decaauts)
 A = Elapsed time spent in this place.
 B = Non-inter-level travel time spent in this place.
 C = Inter-level travel time spent in this place.
 D = Time resting spent in this place.
 E = Time spent auto-exploring this place.
 F = Levels seen in this place.
 G = Mean time per level.
                   A        B        C        D        E       F      G
               +--------+--------+--------+--------+--------+-----+--------+
         Total |  67750 |  61667 |   6083 |   1456 |  19031 | 115 |  589.1 |
       Dungeon |  12878 |  11159 |   1719 |     35 |   2589 |  15 |  858.5 |
        Temple |      1 |      1 |      0 |      0 |      0 |   1 |    1.0 |
          Lair |   4434 |   3952 |    482 |    108 |    812 |   5 |  886.8 |
        Shoals |   3424 |   3286 |    138 |      0 |   1940 |   4 |  856.0 |
   Spider Nest |   3663 |   3495 |    168 |    226 |   1092 |   4 |  915.8 |
    Slime Pits |   2172 |   1998 |    174 |      0 |   1425 |   5 |  434.4 |
  Orcish Mines |   1481 |   1353 |    128 |      0 |    774 |   2 |  740.5 |
   Elven Halls |   3525 |   3470 |     55 |    198 |   1040 |   3 | 1175.0 |
        Vaults |   5944 |   5218 |    726 |    151 |   2260 |   5 | 1188.8 |
         Crypt |   2583 |   2259 |    324 |      9 |   1094 |   3 |  861.0 |
          Tomb |   1745 |   1637 |    108 |      0 |      0 |   3 |  581.7 |
        Depths |   4900 |   4237 |    663 |     86 |   2330 |   4 | 1225.0 |
          Hell |    679 |    617 |     62 |      0 |    249 |   1 |  679.0 |
           Dis |   3054 |   2767 |    287 |    247 |    137 |   7 |  436.3 |
       Gehenna |   1727 |   1681 |     46 |      0 |     68 |   7 |  246.7 |
       Cocytus |   1795 |   1640 |    155 |      0 |    458 |   7 |  256.4 |
      Tartarus |   2636 |   2278 |    358 |      9 |    576 |   7 |  376.6 |
           Zot |   4088 |   3600 |    488 |      0 |   2085 |   5 |  817.6 |
         Abyss |   1322 |   1322 |      0 |      6 |     26 |   6 |  220.3 |
   Pandemonium |   4008 |   4008 |      0 |     79 |      0 |  16 |  250.5 |
        Bazaar |     24 |     24 |      0 |      0 |     18 |   1 |   24.0 |
         Trove |     99 |     99 |      0 |      0 |     57 |   1 |   99.0 |
       Ossuary |    453 |    453 |      0 |    228 |      0 |   1 |  453.0 |
       Volcano |    459 |    459 |      0 |      0 |      0 |   1 |  459.0 |
      Gauntlet |    643 |    643 |      0 |     74 |      0 |   1 |  643.0 |
               +--------+--------+--------+--------+--------+-----+--------+

Top non-repeatable levels by time:
    D:13: 1867 daAuts
   Dis:7: 1820 daAuts
Depths:2: 1756 daAuts
Vaults:2: 1412 daAuts
Spider:4: 1396 daAuts
Vaults:5: 1370 daAuts
   Elf:3: 1337 daAuts
   Elf:2: 1311 daAuts
Depths:4: 1159 daAuts
 Crypt:3: 1126 daAuts
    D:15: 1120 daAuts
Vaults:3: 1095 daAuts
   Tar:7: 1066 daAuts
 Abyss:2: 1061 daAuts
Depths:1: 1060 daAuts
